 Dungeon Crawl Stone Soup version 0.30-a0-737-gf23d94013f (webtiles) character file.

Game seed: 15603195010563205359

13816835 holysushi the Intangible (level 27, 259/259 HPs)
             Began as a Meteoran Wanderer on Jan 29, 2023.
             Was an Initiate of Gozag.
             Escaped with the Orb
             ... and 10 runes on Feb 2, 2023!
             The game lasted 05:34:26 (49771 turns).

holysushi the Intangible (Meteoran Wanderer)       Turns: 49771, Time: 05:34:27

Health: 259/259    AC: 14    Str: 33      XL:     27
Magic:  54/54      EV: 52    Int:  3 (16) God:    Gozag
Gold:   1223       SH: 25    Dex: 39 (41) Spells: 19/79 levels left

rFire   + . .      SeeInvis .    Q - +9 eveningstar (heavy)
rCold   + + .      Faith    .    w - +5 kite shield {reflect}
rNeg    . . .      Spirit   +    o - +3 leather armour of the Hungering Gods {Rampage rC+ Dex+7}
rPois   .          Reflect  +    J - +2 hat of the Bear Spirit {Spirit, Bear, *Rage Will++}
rElec   .          Harm     .    U - +1 cloak of Kutobemu {Str+2}
rCorr   .          Rampage  +    X - +1 pair of gloves "Tompolu" {rC+ Int+4 Dex+3}
Will    +++++      Rage     23%  n - +2 pair of boots
Stlth   +                        P - amulet of Vitality {RegenMP++ Regen++}
HPRegen 2.23/turn                y - +6 ring of dexterity
MPRegen 1.14/turn                d - ring "Onnointo" {rF++ Str+6 Stlth+}

@: glowing, studying 4 skills
A: sense surroundings 3, otherworldly, glowing, explore regen, agile 1, berserk
1, deformed body, deterioration 1, robust 1, strong 1, heat vulnerability 1,
MP-powered wands
0: Orb of Zot
}: 10/15 runes: decaying, serpentine, slimy, silver, abyssal, demonic, glowing,
magical, fiery, dark
a: Renounce Religion, Potion Petition, Call Merchant, Bribe Branch


You escaped.
You worshipped Gozag.
Gozag was most pleased with you.
You visited 13 branches of the dungeon, and saw 56 of its levels.
You visited Pandemonium 2 times, and saw 15 of its levels.
You visited the Abyss 3 times.
You visited 1 bazaar.
You completed 1 ziggurat, and saw 27 of its levels.
You also visited: Bailey and Desolation.

You collected 43155 gold pieces.
You spent 15028 gold pieces at shops.
You paid 26904 gold pieces to Gozag.

Inventory:

Hand Weapons
 Q - a +9 heavy eveningstar (weapon)
 Z - the +9 staff of Wucad Mu {*channel}
   (You acquired it in Pandemonium)

   *Channel:  It occasionally powers its wielder's spells, but with a chance of
   causing confusion or draining the wielder's intelligence.
   It becomes more likely to activate and less likely to backfire with increased
   Evocations skill.
Armour
 n - a +2 pair of boots (worn)
 o - the +3 leather armour of the Hungering Gods (worn) {Rampage rC+ Dex+7}
   (You bought it in a shop on level 3 of the Vaults)

   Dex:       It affects your dexterity (+7).
   rC:        It protects you from cold.
   Rampage:   It bestows one free step when moving towards enemies.
 w - a +5 kite shield of reflection (worn)
 J - the +2 hat of the Bear Spirit (worn) {Spirit, Bear, *Rage Will++}
   (You bought it in a shop on level 1 of the Dungeon)

   Bear:      Going berserk makes the wearer tougher, and they're slowed less
   afterward.
   *Rage:     It berserks you when you make melee attacks (+20% chance).
   Will:      It greatly increases your willpower.
 U - the +1 cloak of Kutobemu (worn) {Str+2}
   (You found it on level 4 of the Depths)

   Str:       It affects your strength (+2).
 X - the +1 pair of gloves "Tompolu" (worn) {rC+ Int+4 Dex+3}
   (You found it on level 5 of the Vaults)

   Int:       It affects your intelligence (+4).
   Dex:       It affects your dexterity (+3).
   rC:        It protects you from cold.
Jewellery
 d - the ring "Onnointo" (right hand) {rF++ Str+6 Stlth+}
   (You took it off a balrug in Pandemonium)

   [ring of strength]

   Str:       It affects your strength (+6).
   rF:        It greatly protects you from fire.
   Stlth:     It makes you more stealthy.
 f - a ring of see invisible
 j - the ring "Lamey" {rC+ rN+}
   (You found it on level 3 of the Depths)

   [ring of positive energy]

   rC:        It protects you from cold.
   rN:        It protects you from negative energy.
 y - a +6 ring of dexterity (left hand)
 O - the ring of Darkness {rElec Str+5 Int+6 Stlth-}
   (You found it on level 5 of the Vaults)

   [ring of intelligence]

   Str:       It affects your strength (+5).
   Int:       It affects your intelligence (+6).
   rElec:     It insulates you from electricity.
   Stlth:     It makes you less stealthy.
 P - the amulet of Vitality (around neck) {RegenMP++ Regen++}
   (You found it on level 2 of the Snake Pit)

   [amulet of magic regeneration]

   It increases your rate of magic regeneration.
   Regen:     It increases your rate of health regeneration.
Wands
 c - a wand of digging (5)
 u - a wand of roots (30)
 F - a wand of acid (10)
Scrolls
 b - 6 scrolls of blinking
 h - 15 scrolls of teleportation
 C - 15 scrolls of fear
 E - 5 scrolls of butterflies
 K - 11 scrolls of magic mapping
 L - 7 scrolls of amnesia
 M - 16 scrolls of enchant armour
 N - 7 scrolls of immolation
 R - 15 scrolls of vulnerability
 Y - 22 scrolls of fog
Potions
 e - 9 potions of attraction
 i - 16 potions of magic
 k - 10 potions of brilliance
 l - 11 potions of mutation
 m - 15 potions of curing
 v - 3 potions of resistance
 A - 10 potions of lignification
 D - 5 potions of haste
 G - 9 potions of ambrosia
 H - 6 potions of might
 S - 10 potions of cancellation
 T - 17 potions of heal wounds
 W - 8 potions of flight
Miscellaneous
 a - a phantom mirror
 t - a box of beasts
 x - the horn of Geryon (inert)
 z - a condenser vane
 B - a lightning rod (4/4)
 I - a phial of floods
 V - a +1 figurine of a ziggurat


   Skills:
 - Level 17.6 Fighting
 - Level 23.0 Maces & Flails
 - Level 5.0 Armour
 O Level 27 Dodging
 - Level 11.0 Stealth
 + Level 18.4 Shields
 + Level 26.6 Spellcasting
 O Level 27 Conjurations
 - Level 5.0 Hexes
 - Level 17.1 Necromancy
 - Level 6.0 Translocations
 - Level 18.5 Transmutations
 - Level 22.2 Fire Magic
 O Level 27 Air Magic
 * Level 25.5 Evocations


You had 19 spell levels left.
You knew the following spells:

 Your Spells              Type           Power      Damage    Failure   Level
a - Apportation           Tloc           14%        N/A       1%          1
b - Passwall              Tmut/Erth      7%         N/A       1%          2
c - Wereblood             Tmut           15%        N/A       0%          2
d - Irradiate             Conj/Tmut      8%         3d14      0%          5
e - Alistair's Intoxicat  Tmut/Pois      6%         N/A       4%          5
f - Yara's Violent Unrav  Hex/Tmut       5%         3d4       1%          5
g - Death Channel         Necr           7%         N/A       1%          6
h - Ignition              Fire           8%         3d5       4%          8
i - Chain Lightning       Conj/Air       10%        3d13      11%         9
j - Necromutation         Tmut/Necr      7%         N/A       28%         8
k - Shatter               Erth           1%         3d6*      100%        9

Your spell library contained the following spells:

 Spells                   Type           Power      Damage    Failure   Level
 Beastly Appendage        Tmut           30%        N/A       0%          1
 Foxfire                  Conj/Fire      72%        2x1d7     0%          1
 Kiss of Death            Conj/Necr      68%        2d10      0%          1
 Necrotise                Necr           56%        1d6       0%          1
 Shock                    Conj/Air       80%        1d8       0%          1
 Momentum Strike          Conj/Tloc      26%        3d8       0%          2
 Static Discharge         Conj/Air       40%        2-4/arc   0%          2
 Sublimation of Blood     Necr           14%        N/A       0%          2
 Kindle Blastsparks       Fire/Tloc/Air  30%        2d12      0%          3
 Mephitic Cloud           Conj/Pois/Air  14%        N/A       0%          3
 Swiftness                Air            20%        N/A       0%          3
 Airstrike                Air            10%        2d(2-18)  0%          4
 Flame Wave               Conj/Fire      18%        2d7       0%          4
 Sticky Flame             Conj/Fire      18%        2d4       0%          4
 Arcjolt                  Conj/Air       10%        1d20      0%          5
 Fireball                 Conj/Fire      9%         3d6       0%          5
 Iskenderun's Battlesphe  Conj           20%        2d7       0%          5
 Lightning Bolt           Conj/Air       10%        1d23      0%          5
 Conjure Ball Lightning   Conj/Air       10%        3x3d6     0%          6
 Sting                    Tmut/Pois      36%        1d4       1%          1
 Blink                    Tloc           14%        N/A       1%          2
 Cigotuvi's Dreadful Rot  Necr/Pois/Air  24%        N/A       1%          2
 Lesser Beckoning         Tloc           14%        N/A       1%          2
 Poisonous Vapours        Pois/Air       24%        N/A       1%          2
 Gell's Gravitas          Tloc           7%         N/A       1%          3
 Hailstorm                Conj/Ice       12%        3d5       1%          3
 Ignite Poison            Fire/Tmut/Pois 12%        N/A       1%          3
 Portal Projectile        Hex/Tloc       14%        N/A       1%          3
 Spider Form              Tmut/Pois      9%         N/A       1%          3
 Stone Arrow              Conj/Erth      24%        3d8       1%          3
 Teleport Other           Tloc           7%         N/A       1%          3
 Vampiric Draining        Necr           14%        2d7       1%          3
 Vhi's Electric Charge    Tloc/Air       26%        N/A       1%          3
 Anguish                  Hex/Necr       5%         N/A       1%          4
 Dispel Undead            Necr           14%        3d10      1%          4
 Fulminant Prism          Conj/Hex       6%         3d6       1%          4
 Ice Form                 Ice/Tmut       9%         N/A       1%          4
 Iskenderun's Mystic Bla  Conj/Tloc      13%        2d5       1%          4
 Petrify                  Tmut/Erth      9%         N/A       1%          4
 Summon Lightning Spire   Summ/Air       12%        N/A       1%          4
 Agony                    Necr           14%        N/A       1%          5
 Blade Hands              Tmut           7%         N/A       1%          5
 Freezing Cloud           Conj/Ice/Air   7%         6-21      1%          5
 Silence                  Hex/Air        6%         N/A       1%          5
 Starburst                Conj/Fire      9%         6d5       1%          6
 Orb of Destruction       Conj           10%        9d6       1%          7
 Storm Form               Tmut/Air       8%         N/A       1%          7
 Maxwell's Capacitive Co  Air            10%        ∞         1%          8
 Confusing Touch          Hex            6%         N/A       2%          3
 Tukima's Dance           Hex            6%         N/A       2%          3
 Dragon Form              Tmut           7%         N/A       2%          7
 Ensorcelled Hibernation  Hex/Ice        10%        N/A       3%          2
 Manifold Assault         Tloc           7%         N/A       5%          4
 Passage of Golubria      Tloc           7%         N/A       5%          4
 Freeze                   Ice            12%        1d3       7%          1
 Summon Small Mammal      Summ           12%        N/A       7%          1
 Summon Guardian Golem    Hex/Summ       5%         N/A       7%          3
 Cause Fear               Hex            3%         N/A       9%          4
 Call Imp                 Summ           3%         N/A       10%         2
 Call Canine Familiar     Summ           3%         N/A       21%         3
 Frozen Ramparts          Ice            6%         1d1       21%         3
 Ozocubu's Armour         Ice            3%         N/A       21%         3
 Statue Form              Tmut/Erth      6%         N/A       22%         6
 Spellforged Servitor     Conj/Summ      6%         N/A       22%         7
 Fire Storm               Conj/Fire      9%         8d2       26%         9
 Borgnjor's Revivificati  Necr           7%         N/A       36%         8
 Infestation              Necr           7%         N/A       36%         8
 Summon Forest            Summ/Tloc      2%         N/A       47%         5
 Animate Armour           Summ/Erth      6%         N/A       54%         4
 Olgreb's Toxic Radiance  Pois           3%         N/A       54%         4
 Summon Ice Beast         Ice/Summ       3%         N/A       54%         4
 Metabolic Englaciation   Hex/Ice        2%         N/A       54%         5
 Dispersal                Tloc           3%         N/A       65%         6
 Haunt                    Necr/Summ      4%         N/A       86%         7
 Lehudib's Crystal Spear  Conj/Erth      6%         10d3      86%         8
 Lee's Rapid Deconstruct  Erth           1%         3d4*      88%         5
 Death's Door             Necr           7%         N/A       99%         9
 Summon Cactus Giant      Summ           1%         N/A       100%        6
 Malign Gateway           Summ/Tloc      2%         N/A       100%        7
 Ozocubu's Refrigeration  Ice            1%         4d7       100%        7
 Discord                  Hex            3%         N/A       100%        8
 Disjunction              Tloc           3%         N/A       100%        8
 Summon Horrible Things   Summ           1%         N/A       100%        8
 Dragon's Call            Summ           1%         N/A       100%        9
 Polar Vortex             Ice            1%         N/A       100%        9
 Animate Dead             Necr           Unusable   N/A       N/A         4
 Simulacrum               Ice/Necr       Unusable   N/A       N/A         6

Dungeon Overview and Level Annotations

Branches:
Dungeon (15/15)            Temple (1/1) D:6            Lair (5/5) D:8
  Swamp (4/4) Lair:3        Snake (4/4) Lair:2        Slime (5/5) Lair:4
    Orc (2/2) D:11            Elf (3/3) Orc:2        Vaults (5/5) D:13
 Depths (4/4) D:15           Hell (visited)             Dis (0/7) Hell
    Geh (0/7) Hell            Coc (0/7) Hell            Tar (2/7) Hell
    Zot (5/5) Depths:4     Bailey (visited)         Desolation (visited)
  Crypt: Vaults:2-3

Altars:
Ashenzari
Elyvilon
Fedhas
Gozag
Kikubaaqudgha
Makhleb
Nemelex Xobeh
Trog
Uskayaw
Vehumet
Wu Jian
Xom
Yredelemnul
Zin

Shops:
D:1 :*?:   D:4 [   D:8 (   D:9 :   D:11 =   D:12 :   Orc:1 ?   Orc:2 (**
Elf:2 (   Snake:3 !!*=   Snake:4 :(   Vaults:1 (   Vaults:2 *   Vaults:3 [
Depths:1 (=::   Depths:4 ?*[[:!=([

Portals:
Hell: Depths:1 Depths:2 Depths:3 Depths:4
Abyss: Depths:3
Pandemonium: Depths:2 Depths:4*
Trove: Depths:1 (give +4 shadow dragon scales)

Annotations:
D:4 exclusion: downstairs
D:8 exclusion: downstairs
Zot:5 3 runed translucent doors, Likado's ghost, master GnRe


Innate Abilities, Weirdness & Mutations

You passively map a large area around you.
You are easily found by Zot.
You glow in the dark.
You regain HP and MP as you explore.
You are agile. (Dex +4, Str/Int -1)
You sometimes lose your temper in combat.
Armour fits poorly on your strangely shaped body.
Your body sometimes deteriorates upon taking damage.
You are robust. (+10% HP)
Your muscles are strong. (Str +4, Int/Dex -1)
You are vulnerable to heat. (rF-)
You expend magic power (3 MP) to strengthen your wands.


Message History

(V) Vaults (U) Depths (H) Hell (I) Dis (G) Gehenna (X) Cocytus (Y) Tartarus (Z) Zot
Where to? (Enter - D:3, ? - help)
There is a stone staircase leading up here.
You climb upwards.
There is a stone staircase leading down here.
(D) Dungeon (T) Temple (L) Lair (S) Swamp (P) Snake Pit (M) Slime Pits (O) Orcish Mines (E) Elven Halls (V) Vaults (U) Depths (H) Hell (I) Dis (G) Gehenna (X) Cocytus (Y) Tartarus (Z) Zot
Where to? (Enter - D:2, ? - help)
You open the door.
There is an open door here.
You hear a splashing noise.
You enter the shallow water.
Moving in this stuff is going to be slow.
You see here a +0 club.
You enter the shallow water.
Moving in this stuff is going to be slow.
There is a stone staircase leading up here.
You climb upwards.
There is a stone staircase leading down here.
(D) Dungeon (T) Temple (L) Lair (S) Swamp (P) Snake Pit (M) Slime Pits (O) Orcish Mines (E) Elven Halls (V) Vaults (U) Depths (H) Hell (I) Dis (G) Gehenna (X) Cocytus (Y) Tartarus (Z) Zot
Where to? (Enter - D:1, ? - help)
Okay, then.
A tormentor comes into view.
The tormentor roars!
You flatten the tormentor like a pancake!!!
You kill the tormentor!
You now have 1223 gold pieces (gained 7).
There is a large open door here.
An orange demon comes into view.
You block the orange demon's attack.
You enter the shallow water.
Moving in this stuff is going to be slow.
There is a staircase leading out of the dungeon here.
You have escaped!

#..# ###.....### #..#
#........ #..# #########
#..##############
#..##............
#..##.########.##
#..##.##.....#..#
##########.##.##.###.##'#
#P~≈≈≈P.@#.##.##.# #.##.#
#~~~~.4###.##.##.###.##.#
#P~≈~~.P##.##.##......#>#
#~~≈≈~~.##....(.....#.#.#
#≈≈≈≈~.~###.#.##.##.#.#.#
#≈≈~≈≈.####.#.........#∩#
#≈P~~~≈.##..#..#.######.#
#PPP~~~~.####..#.# #.#
#~P~~≈≈.~# #....# ##'#


You could see an orange demon.

Vanquished Creatures
  Cerebov (Pan)
  7 dread liches
  9 ancient liches
  4 orbs of fire
  A juggernaut (Depths:4)
  9 royal mummies
  5 Killer Klowns
  Vashnia (Snake:4)
  Geryon (Hell)
  the Lernaean hydra (Swamp:4)
  2 curse toes
  6 caustic shrikes
  11 golden dragons
  A profane servitor (Depths:2)
  8 bone dragons
  3 doom hounds
  11 pandemonium lords
  5 Tzitzimimeh
  9 Brimstone Fiends
  6 hellephants
  5 electric golems
  12 tentacled monstrosities
  2 Hell Sentinels
  18 Orb Guardians
  A walking frostbound tome (Depths:3)
  10 liches
  2 deep elf blademasters (Elf:3)
  3 deep elf master archers
  14 titans
  7 searing wretches
  14 Executioners
  6 tentacled starspawn (Abyss:3)
  8 quicksilver dragons
  16 acid blobs
  8 death cobs
  Frances (Swamp:2)
  2 thorn hunters (Swamp:4)
  The ghost of zeratav the Warrior, an adept MiFi of Wu Jian (Orc:2)
  11 sphinxes
  Kirke (Swamp:2)
  17 storm dragons
  16 nagarajas
  9 shadow dragons
  4 draconian monks
  8 fire giants
  15 tengu reavers
  7 azure jellies (Slime:5)
  Donald (Lair:4)
  2 demonspawn warmongers (Pan)
  4 draconian knights
  4 draconian scorchers
  A revenant (Hell)
  9 iron dragons
  A rockslime (Slime:1)
  An emperor scorpion (Zig:20)
  2 imperial myrmidons (Desolation)
  13 frost giants
  4 ghost moths
  4 deep elf sorcerers (Elf:3)
  Louise (Swamp:1)
  A spectral juggernaut (Tar:1)
  22 balrugs
  2 spectral caustic shrikes (Tar:1)
  17 vault wardens
  3 demonspawn corrupters
  3 draconian shifters
  15 ironbound preservers
  A deep elf elementalist (Elf:3)
  2 angels (Depths:4)
  5 cacodemons
  2 caustic shrike zombies
  Aizul (Snake:2)
  5 draconian stormcallers
  An orc warlord (Bailey)
  4 draconian annihilators
  2 curse skulls (Pan)
  4 reapers
  5 quicksilver oozes (Slime:5)
  2 demonspawn blood saints
  A quicksilver ooze (shapeshifter) (Zig:25)
  28 very ugly things
  10 green draconians
  23 stone giants
  Nessos (D:13)
  A juggernaut skeleton (Abyss:3)
  3 ironbound thunderhulks
  A broodmother (Zig:20)
  6 war gargoyles
  3 demonspawn black suns (Pan)
  A spectral titan (Tar:1)
  A vampire knight (Depths:1)
  7 eleionomae
  12 lorocyprocas
  11 white draconians
  11 black draconians
  A halazid warlock (Desolation)
  16 starcursed masses (Abyss:3)
  A bennu (Zig:15)
  6 deep elf demonologists (Elf:3)
  6 purple draconians
  10 deep elf annihilators
  6 yellow draconians
  2 bunyips
  11 red draconians
  10 spark wasps
  An eidolon (Tar:1)
  The ghost of KennySheep the Marksminotaur, a journeyman MiHu of Okawaru (D:13)
  17 blizzard demons
  2 crystal guardians
  21 dire elephants
  6 deep elf death magi
  A merfolk javelineer (Depths:1)
  17 mummy priests
  14 ettins
  9 green deaths
  An ettin (shapeshifter) (Depths:2)
  13 yaktaur captains
  5 entropy weavers
  5 great orbs of eyes
  7 fire dragons
  8 deep elf high priests
  2 shambling mangroves
  A kraken zombie (Hell)
  A spectral elf (Tar:1)
  6 ragged hierophants
  The ghost of ASSMAN the Covert, a journeyman KoHu of Gozag (D:10)
  5 spriggan air magi
  4 hell beasts
  38 hydras
  27 vault guards
  A spriggan skeleton (Pan)
  A catoblepas (Zig:22)
  3 ghost crabs
  10 salamander tyrants
  6 peacekeepers
  6 servants of whispers (Desolation)
  Erolcha (D:13)
  2 hydras (shapeshifter)
  2 juggernaut simulacra (Pan)
  5 rakshasas
  5 ironbound frosthearts
  7 boulder beetles
  21 ice dragons
  15 anacondas
  4 centaur warriors
  13 two-headed ogres
  3 ogre magi
  A death knight (Abyss:3)
  4 deep troll shamans
  19 dancing weapons
  A satyr (shapeshifter) (D:13)
  19 naga warriors
  10 deep troll earth magi
  A death scarab (Zig:21)
  5 tengu warriors
  12 hell hogs
  An orc high priest (Orc:1)
  17 alligators
  14 death yaks (Lair:5)
  Urug (Lair:1)
  2 spectral nagas (Tar:1)
  A shock serpent (shapeshifter) (Zig:18)
  2 titan zombies
  9 shock serpents
  12 naga sharpshooters
  7 spriggan berserkers
  6 thrashing horrors
  2 titan skeletons
  50 sun demons
  2 hell knights
  8 soul eaters
  7 skeletal warriors
  4 shadow wraiths
  10 sixfirhies
  Sonja (Lair:2)
  9 wretched stars (Abyss:3)
  2 storm dragon skeletons
  Amaemon (D:10)
  Lodul (D:10)
  3 salamander mystics
  2 spectral bunyips (Tar:1)
  13 deep elf knights
  2 iron trolls
  A golden dragon zombie (Vaults:2)
  2 pharaoh ants (Zig:20)
  A sun moth (Zig:20)
  8 shadow demons
  8 death drakes
  7 spatial maelstroms (Abyss:3)
  41 deep trolls
  23 swamp dragons
  2 anaconda zombies
  6 flayed ghosts
  3 orb spiders (Zig:20)
  4 spriggan druids
  13 deep elf archers
  3 glowing orange brains
  3 goliath frogs
  A glowing orange brain (shapeshifter) (Zig:25)
  A spriggan simulacrum (Hell)
  13 ironbound convokers
  A lindwurm (shapeshifter) (Depths:3)
  2 tengu zombies (Zig:21)
  5 phantasmal warriors
  6 bog bodies
  28 deep elf zephyrmancers
  9 naga ritualists
  8 wolf spiders
  31 deep elf pyromancers
  An orange crystal statue (Snake:2)
  A steelbarb worm (shapeshifter) (Vaults:5)
  7 orc knights
  9 wizards
  A sphinx zombie (Zig:21)
  7 necromancers
  An iron dragon zombie (Abyss:3)
  A golden dragon skeleton (Zig:21)
  2 harpies
  11 mana vipers
  A shining eye (Slime:3)
  20 moths of wrath
  A tengu skeleton (Zig:15)
  An orc sorcerer (Elf:1)
  50 ugly things
  3 oklob plants (Lair:4)
  2 manticores
  2 manticores (shapeshifter)
  A shadow dragon skeleton (Zig:15)
  6 cyclopes
  6 will-o-the-wisps
  2 human zombies (Vaults:2)
  A worldbinder (Abyss:3)
  7 salamanders
  A shining eye (shapeshifter) (D:15)
  2 elephants (shapeshifter)
  2 cyclopes (shapeshifter)
  2 moths of wrath (shapeshifter)
  4 rust devils (Hell)
  A faun (shapeshifter) (Zig:23)
  28 naga magi
  18 guardian serpents
  3 apocalypse crabs
  2 elephants (Zig:22)
  A molten gargoyle (Desolation)
  49 slime creatures
  3 eyes of devastation
  A frost giant skeleton (Zig:10)
  52 black mambas
  11 vault sentinels
  A water nymph (shapeshifter) (Zig:25)
  8 demonic crawlers
  6 ice statues
  An eye of devastation (shapeshifter) (Zig:25)
  18 smoke demons
  2 centaur skeletons (D:15)
  10 gargoyles
  9 orange demons
  2 unseen horrors
  7 torpor snails
  17 cane toads
  A cane toad (shapeshifter) (D:13)
  A dire elephant zombie (Abyss:3)
  11 hellions
  2 rime drakes (shapeshifter)
  15 komodo dragons
  16 rime drakes
  18 tormentors
  6 efreet
  2 tengu conjurers
  19 yaktaurs
  4 kobold demonologists
  8 ice devils
  8 freezing wraiths
  29 guardian mummies
  4 ancient zymes (Abyss:3)
  A sea snake zombie (Hell)
  7 red devils
  2 golden dragon simulacra
  2 hydra zombies (Hell)
  10 polar bears
  A sea snake skeleton (Hell)
  3 silent spectres
  12 hellwings
  2 merfolk (shapeshifter)
  13 trolls
  A troll (shapeshifter) (Zig:23)
  A polar bear (shapeshifter) (D:15)
  12 tyrant leeches
  2 meliai (Zig:20)
  4 tarantellas (Zig:20)
  20 hornets
  2 wind drakes (shapeshifter)
  A spectral harpy (Tar:1)
  A hydra skeleton (Hell)
  6 blink frogs
  A sphinx simulacrum (Vaults:2)
  A tarantella (shapeshifter) (D:14)
  A hornet (shapeshifter) (Vaults:5)
  18 raiju
  A shadow dragon simulacrum (Zig:15)
  A blink frog (shapeshifter) (Abyss:3)
  3 wind drakes
  44 saltlings
  2 harpy skeletons
  2 meliai zombies
  Prince Ribbit (D:6)
  42 large abominations
  A snapping turtle (shapeshifter) (Zig:25)
  16 dream sheep
  3 jumping spiders (Zig:20)
  13 flying skulls
  A centaur simulacrum (D:15)
  2 wraiths
  A wyvern (shapeshifter) (Elf:2)
  3 air elementals
  A yak (shapeshifter) (Elf:2)
  3 vampires
  20 yaks
  22 spriggans
  4 water elementals
  10 wyverns
  3 fire elementals
  16 ushabtiu
  A fire bat (Abyss:3)
  3 hogs
  Grum (D:10)
  10 ynoxinuls
  7 redbacks
  2 basilisks (shapeshifter)
  8 chaos spawn
  A human (shapeshifter) (Zig:25)
  8 basilisks
  2 golden eyes (Slime:1)
  A hog (shapeshifter) (Vaults:5)
  17 steam dragons
  12 neqoxecs
  A redback (shapeshifter) (Depths:3)
  10 vampire mosquitoes
  17 swamp worms
  3 wargs
  16 spatial vortices (Abyss:3)
  A glowing shapeshifter zombie (Zig:21)
  46 nagas
  Duvessa (D:7)
  2 glowing shapeshifter skeletons (Zig:10)
  5 acid dragons
  22 water moccasins
  2 hell hounds
  A floating eye (Depths:2)
  2 floating eyes (shapeshifter)
  A naga skeleton (Pan)
  19 swamp drakes
  4 black bears
  3 ice beasts
  2 sky beasts
  30 ogres
  An ogre (shapeshifter) (D:13)
  A wolf (shapeshifter) (Zig:23)
  A hornet zombie (D:14)
  17 orc warriors
  31 wolves
  5 boggarts (Lair:5)
  A boggart (shapeshifter) (D:13)
  A centaur (D:7)
  A phantom (D:5)
  A kobold brigand (D:7)
  5 bullfrogs
  2 gnoll sergeants
  2 necrophages
  A glowing shapeshifter simulacrum (Vaults:2)
  3 earth elementals
  5 wights (D:6)
  Dowan (D:7)
  A killer bee (shapeshifter) (Depths:1)
  A killer bee (D:4)
  A vampire bat (Abyss:3)
  An electric eel (Lair:3)
  3 howler monkeys (D:10)
  5 crimson imps (Pan)
  2 quasits (Abyss:3)
  13 small abominations (Abyss:3)
  2 hounds
  A jelly (D:6)
  15 orc priests
  An iron imp (Abyss:3)
  Crazy Yiuf (D:2)
  5 iguanas
  13 orc wizards
  10 hell rats
  A boggart simulacrum (D:14)
  30 mummies
  7 gnolls
  12 adders
  19 river rats
  3 shadow imps
  3 white imps
  6 ufetubi
  A worm (D:2)
  6 dart slugs
  47 orcs
  9 ball pythons
  5 endoplasms
  2 giant cockroaches
  18 goblins
  4 hobgoblins
  14 jackals
  6 quokkas
  A quokka (shapeshifter) (Vaults:5)
  8 bats
  4 frilled lizards
  24 kobolds
  17 rats
  2 briar patches (Swamp:4)
  5 fire vortices (Hell)
  2 starspawn tentacles (Abyss:3)
  3 tentacles (Hell)
3023 creatures vanquished.

Vanquished Creatures (collateral kills)
  the Royal Jelly (Slime:5)
  Gloorx Vloq (Pan)
  5 dread liches
  8 ancient liches
  An orb of fire (Zot:5)
  3 Killer Klowns (Zot:5)
  2 caustic shrikes (Zig:22)
  14 golden dragons
  2 electric golems
  2 tentacled monstrosities
  An Orb Guardian (Zot:5)
  3 hellephants
  A quicksilver dragon (Zig:24)
  3 pandemonium lords
  An acid blob (Slime:5)
  7 titans
  A tentacled starspawn (Abyss:3)
  A shadow dragon (Zig:16)
  3 storm dragons
  6 nagarajas (Zig:24)
  A draconian monk (Zot:3)
  2 demonspawn warmongers
  4 fire giants
  A deep elf sorcerer (Zig:23)
  3 rockslimes (Slime:5)
  4 frost giants
  3 vault wardens (Zig:25)
  An emperor scorpion (Zig:20)
  11 balrugs
  6 iron dragons (Zig:27)
  2 ghost moths (Zig:20)
  A draconian shifter (Depths:4)
  3 cacodemons
  A demonspawn blood saint (Zig:7)
  A demonspawn corrupter (Pan)
  3 reapers
  A broodmother (Zig:20)
  2 stone giants
  3 very ugly things
  A bennu (Zig:15)
  A dire elephant (Zig:22)
  A deep elf demonologist (Vaults:5)
  A putrid mouth (Hell)
  A lorocyproca (Zig:8)
  4 spark wasps
  2 ettins
  A green death (Pan)
  2 entropy weavers (Zig:20)
  A blizzard demon (Pan)
  5 fire dragons
  A yaktaur captain (Zig:18)
  14 salamander tyrants
  2 radroaches (Zig:20)
  A stoker (Zig:19)
  2 anacondas (Zig:24)
  2 naga warriors (Zig:24)
  2 spriggan berserkers
  4 hell hogs
  A shock serpent (Zig:24)
  3 naga sharpshooters (Zig:24)
  4 sixfirhies
  11 sun demons
  A wretched star (Abyss:3)
  A glowing orange brain (Pan)
  A shadow wraith (Pan)
  A wizard (Pan)
  4 swamp dragons
  A death drake (Zig:27)
  An anaconda skeleton (Hell)
  A bunyip skeleton (Hell)
  A necromancer (Hell)
  A shadow dragon zombie (Hell)
  3 salamanders
  2 steelbarb worms (Zig:20)
  A deep elf zephyrmancer (Zig:12)
  A mana viper (Zig:24)
  A shining eye (shapeshifter) (Zig:18)
  2 ugly things
  4 rust devils (Hell)
  An elephant (Zig:22)
  4 moths of wrath
  2 black mambas (Zig:24)
  2 torpor snails (Zig:20)
  A demonic crawler (Zig:20)
  4 guardian serpents (Zig:24)
  A naga mage (Zig:24)
  5 orange demons
  A smoke demon (Pan)
  2 yaktaurs (Vaults:5)
  A kobold demonologist (Pan)
  A hellion (Pan)
  A bunyip simulacrum (Hell)
  3 red devils
  A tormentor (Pan)
  An ancient zyme (Abyss:3)
  3 ice devils (Hell)
  3 hornets (Zig:11)
  3 raiju (Abyss:3)
  A tarantella (Zig:20)
  A tyrant leech (Zig:11)
  A harpy skeleton (Hell)
  A centaur simulacrum (Hell)
  A slime creature (Slime:5)
  An ushabti (Zig:15)
  A ynoxinul (Pan)
  A redback (Zig:20)
  2 neqoxecs
  2 spatial vortices (Abyss:3)
  A naga (Zig:24)
  2 earth elementals (Zig:12)
  A crimson imp (Pan)
269 creatures vanquished.

Vanquished Creatures (others)
  A pandemonium lord (D:12)
  2 ancient liches (Zot:5)
  A Killer Klown (Zig:26)
  7 Orb Guardians (Zot:5)
  A quicksilver dragon (shapeshifter) (Zig:26)
  A lich (D:12)
  An eldritch tentacle (Pan)
  A shadow dragon (Zot:3)
  A fire giant (Depths:3)
  2 lorocyprocas (Pan)
  A blizzard demon (Pan)
  A white draconian (Zot:3)
  A green death (Pan)
  A vault guard (Vaults:5)
  A rakshasa (Pan)
  An ice dragon (Zig:27)
  An orc high priest (Pan)
  2 deep elf knights
  2 shadow wraiths (Pan)
  A spatial maelstrom (Abyss:3)
  2 glowing orange brains (Pan)
  A swamp dragon (Swamp:3)
  A shadow demon (Pan)
  A deep elf pyromancer (Elf:2)
  2 deep elf zephyrmancers (Elf:1)
  A wizard (D:10)
  A rust devil (D:12)
  A smoke demon (Pan)
  An apocalypse crab (Zig:26)
  A freezing wraith (Abyss:3)
  A bloated husk (Swamp:1)
  4 hellwings (Pan)
  A ynoxinul (D:12)
  A shadow (D:14)
  An air elemental (Elf:1)
  A hog (Swamp:1)
  A steam dragon (Zig:27)
  A swamp worm (Swamp:4)
  A large abomination (Abyss:3)
  An acid dragon (Zig:27)
  A floating eye (shapeshifter) (Zig:26)
  A shadow imp (Abyss:3)
  4 ball lightnings (Pan)
  A creeping inferno (Hell)
  37 foxfires
  15 fungi
  A lurking horror (Abyss:3)
  65 plants
  13 starspawn tentacles (Abyss:3)
  5 tentacles (Hell)
  A withered plant (D:14)
199 creatures vanquished.

Grand Total: 3491 creatures vanquished

Notes
Turn   | Place    | Note
-------+----------+-------------------------------------------
     0 | D:1      | holysushi the Meteoran Wanderer began the quest for the
                  | Orb.
     0 | D:1      | holysushi set off with the following items: a +1 flail, a
                  | scroll of blinking, a +0 leather armour; and the following
                  | spells available to memorise: Wereblood, Passwall.
     0 | D:1      | Reached XP level 1. HP: 19/19 MP: 3/3
    68 | D:1      | Found Wual's Book Emporium.
   109 | D:1      | Reached XP level 2. HP: 12/26 MP: 5/5
   126 | D:1      | Found Keyhaeta's Assorted Antiques.
   210 | D:1      | Found Ceor's Book Shop.
   232 | D:1      | Found Ziskuph's Magic Scroll Emporium.
   279 | D:1      | Reached XP level 3. HP: 31/31 MP: 6/6
   363 | D:2      | Learned a level 2 spell: Wereblood
   366 | D:2      | Learned a level 2 spell: Passwall
   435 | D:2      | Noticed Sigmund
   442 | D:2      | Noticed Sigmund
   445 | D:2      | Sigmund the killer bee changed into Sigmund the bat
   445 | D:2      | Noticed Sigmund
   446 | D:2      | Killed Sigmund the bat
   524 | D:2      | Reached XP level 4. HP: 30/38 MP: 7/7
   558 | D:2      | Noticed Jessica
   562 | D:2      | Jessica changed into Jessica the frilled lizard
   562 | D:2      | Noticed Jessica
   565 | D:2      | Killed Jessica the frilled lizard
   592 | D:2      | Reached skill level 5 in Maces & Flails
   800 | D:3      | Reached XP level 5. HP: 35/45 MP: 8/8
   828 | D:3      | Found a white marble altar of Elyvilon.
   837 | D:3      | Reached skill level 1 in Dodging
  1119 | D:3      | Identified the +0 ring mail of Syacopp {rC- Dex+4}
  1230 | D:4      | Reached XP level 6. HP: 51/51 MP: 9/9
  1331 | D:4      | Found a shimmering altar of Xom.
  1379 | D:4      | Found Teitzin's Armour Boutique.
  1453 | D:5      | Entered Level 5 of the Dungeon
  1453 | D:5      | Noticed an ogre
  1496 | D:4      | Reached XP level 7. HP: 21/67 MP: 10/10
  1543 | D:5      | Noticed a water moccasin
  1558 | D:4      | Gained mutation: Your spells are a little harder to cast,
                  | but a little more powerful. [potion of mutation]
  1558 | D:4      | Gained mutation: Potions are less effective at restoring
                  | your health. [potion of mutation]
  1558 | D:4      | Gained mutation: You are weak. (Str -2) [potion of
                  | mutation]
  1561 | D:4      | a water moccasin changed into a killer bee
  1647 | D:4      | Bought a +2 helmet of see invisible for 215 gold pieces
  1742 | D:5      | Reached XP level 8. HP: 71/74 MP: 11/11
  1862 | D:5      | Identified the +4 mace of the Hammering Hero {drain, rElec
                  | rF+ Will+ Int+4}
  1888 | D:5      | Found a broken altar of Ashenzari.
  2017 | D:5      | Reached skill level 1 in Stealth
  2026 | D:5      | Reached skill level 1 in Evocations
  2208 | D:6      | Reached skill level 1 in Shields
  2215 | D:6      | Gained mutation: You passively map the area around you.
                  | [Meteoran growth]
  2215 | D:6      | Reached XP level 9. HP: 69/80 MP: 12/12
  2378 | D:6      | Found a staircase to the Ecumenical Temple.
  2383 | Temple   | Entered the Ecumenical Temple
  2473 | D:6      | Noticed Prince Ribbit
  2480 | D:6      | Killed Prince Ribbit
  2595 | Temple   | Became a worshipper of Gozag Ym Sagoz the Greedy
  2779 | D:7      | Noticed Duvessa
  2779 | D:7      | Noticed Dowan
  2793 | D:7      | Killed Duvessa
  2796 | D:7      | Killed Dowan
  2816 | D:7      | Reached XP level 10. HP: 88/88 MP: 13/13
  2817 | D:7      | Reached skill level 15 in Dodging
  2817 | D:7      | Reached XP level 11. HP: 97/97 MP: 14/14
  2830 | D:7      | Found a burning altar of Makhleb.
  2941 | D:8      | Found Siustayc's Weapon Boutique.
  3134 | D:8      | Found a flagged portal.
  3153 | Bailey   | Entered a bailey
  3171 | Bailey   | Noticed an orc warlord
  3262 | Bailey   | Found a runed translucent gate.
  3264 | Bailey   | Found a runed translucent gate.
  3266 | Bailey   | Found a runed translucent gate.
  3316 | Bailey   | Reached XP level 12. HP: 106/106 MP: 15/15
  3362 | Bailey   | Killed an orc warlord
  3404 | D:8      | Reached XP level 13. HP: 122/122 MP: 16/16
  3557 | D:9      | Noticed a two-headed ogre
  3759 | D:8      | Found a staircase to the Lair.
  3783 | Lair:1   | Entered Level 1 of the Lair of Beasts
  3908 | Lair:1   | Reached skill level 5 in Evocations
  4030 | Lair:1   | Identified a scroll of acquirement
  4032 | Lair:1   | Acquired 1316 gold pieces
  4324 | Lair:1   | Glimpsed the power of Zot.
  4326 | Lair:2   | Noticed Urug
  4576 | D:1      | Bought a crooked gold wand for 92 gold pieces
  4576 | D:1      | Bought the +2 hat of the Bear Spirit {Spirit, Bear, *Rage
                  | Will++} for 802 gold pieces
  4576 | D:1      | Found the +2 hat of the Bear Spirit {Spirit, Bear, *Rage
                  | Will++}
  4634 | D:1      | Bought a scroll of teleportation for 30 gold pieces
  4634 | D:1      | Bought a scroll of enchant weapon for 75 gold pieces
  4634 | D:1      | Bought a scroll of brand weapon for 95 gold pieces
  4634 | D:1      | Bought a scroll of enchant armour for 75 gold pieces
  4634 | D:1      | Bought a scroll of silence for 95 gold pieces
  4646 | D:1      | Bought a book of Cantrips for 156 gold pieces
  4705 | D:1      | Bought a book of Alchemy for 280 gold pieces
  4707 | D:1      | Learned a level 1 spell: Apportation
  4755 | D:4      | Bought a +0 pair of gloves for 45 gold pieces
  5030 | Lair:1   | Noticed a boulder beetle
  5057 | Lair:1   | Killed Urug
  5084 | Lair:1   | Killed a boulder beetle
  5104 | Lair:1   | Reached skill level 5 in Spellcasting
  5108 | Lair:1   | Reached skill level 1 in Translocations
  5200 | Lair:1   | Noticed a boulder beetle
  5247 | Lair:1   | Killed a boulder beetle
  5368 | Lair:3   | Reached XP level 14. HP: 129/129 MP: 13/24
  5546 | Lair:2   | Found a staircase to the Snake Pit.
  5826 | Lair:5   | Entered Level 5 of the Lair of Beasts
  5932 | Lair:5   | Reached skill level 5 in Transmutations
  5937 | Lair:5   | Reached skill level 10 in Spellcasting
  6404 | Lair:5   | Reached XP level 15. HP: 86/136 MP: 17/30
  6579 | Lair:5   | Reached skill level 15 in Maces & Flails
  6579 | Lair:5   | Reached skill level 10 in Transmutations
  6683 | Lair:4   | You fall into a shaft and drop 1 floor!
  6916 | D:9      | Found Qagisk's Self-Improvement Boutique.
  6928 | D:9      | Bought a manual of Maces & Flails for 1200 gold pieces
  6973 | D:10     | Entered Level 10 of the Dungeon
  6994 | D:10     | Found a runed translucent gate.
  6994 | D:10     | Found a runed translucent gate.
  6994 | D:10     | Found a runed translucent gate.
  6994 | D:10     | Noticed ASSMAN's ghost (journeyman KoHu)
  7014 | D:10     | Killed ASSMAN's ghost
  7078 | D:10     | Noticed Lodul
  7086 | D:10     | Killed Lodul
  7205 | D:10     | Reached skill level 5 in Translocations
  7213 | D:10     | Found a bloodstained altar of Trog.
  7278 | D:10     | Noticed Amaemon
  7285 | D:10     | Killed Amaemon
  7383 | D:10     | Found an ancient bone altar of Kikubaaqudgha.
  7386 | D:10     | Found a hide-covered altar of Uskayaw.
  7389 | D:10     | Found a sparkling altar of Nemelex Xobeh.
  7392 | D:10     | Found a blossoming altar of Fedhas.
  7457 | D:10     | Found a glowing silver altar of Zin.
  7615 | D:9      | Bought a manual of Stealth for 1200 gold pieces
  7847 | D:11     | Found a staircase to the Orcish Mines.
  7929 | Orc:1    | Entered Level 1 of the Orcish Mines
  8039 | Orc:2    | Entered Level 2 of the Orcish Mines
  8051 | Orc:2    | Found a staircase to the Elven Halls.
  8181 | Orc:2    | Reached XP level 16. HP: 65/144 MP: 24/33
  8338 | Orc:2    | Found Misasm's Antique Weapon Shoppe.
  8339 | Orc:2    | Found Ycaq's General Store.
  8344 | Orc:2    | Found Beacudei's Book Boutique.
  8357 | Orc:2    | Found Jesudefi's General Store.
  8367 | Orc:2    | Bought a wand of acid (7) for 382 gold pieces
  8367 | Orc:2    | Bought a scroll of teleportation for 39 gold pieces
  8371 | Orc:2    | Found a gateway to a bazaar.
  8381 | Bazaar   | Entered a bazaar
  8382 | Bazaar   | Identified the ring of the Serpent {Fly MP+9 Int+2}
  8395 | Bazaar   | Found Diemaret's Magic Scroll Shop.
  8399 | Bazaar   | Bought a scroll of enchant armour for 75 gold pieces
  8399 | Bazaar   | Bought a scroll of teleportation for 30 gold pieces
  8399 | Bazaar   | Bought a scroll of enchant armour for 75 gold pieces
  8424 | Bazaar   | Found Igutzo Xotz's Magic Scroll Shop.
  8428 | Bazaar   | Bought a scroll of teleportation for 30 gold pieces
  8428 | Bazaar   | Bought a scroll of enchant armour for 75 gold pieces
  8428 | Bazaar   | Bought a scroll of vulnerability for 40 gold pieces
  8437 | Bazaar   | Found Porecw's Distillery.
  8457 | Bazaar   | Found Qanoj's Distillery.
  8465 | Bazaar   | Bought a potion of berserk rage for 65 gold pieces
  8465 | Bazaar   | Bought a potion of might for 52 gold pieces
  8465 | Bazaar   | Bought a potion of heal wounds for 65 gold pieces
  8485 | Bazaar   | Bought a potion of ambrosia for 112 gold pieces
  8485 | Bazaar   | Bought a potion of ambrosia for 112 gold pieces
  8485 | Bazaar   | Bought a potion of ambrosia for 112 gold pieces
  8485 | Bazaar   | Bought 2 potions of heal wounds for 140 gold pieces
  8587 | Orc:1    | Found Pigip's Magic Scroll Boutique.
  8606 | Orc:1    | Bought a scroll of blinking for 82 gold pieces
  8606 | Orc:1    | Bought a scroll of teleportation for 33 gold pieces
  8606 | Orc:1    | Bought a scroll of teleportation for 33 gold pieces
  8606 | Orc:1    | Bought a scroll of magic mapping for 82 gold pieces
  8606 | Orc:1    | Bought a scroll of blinking for 82 gold pieces
  8976 | D:13     | Noticed Erolcha
  9105 | D:12     | Reached skill level 15 in Spellcasting
  9173 | D:12     | Found Qutosec's Book Shop.
  9284 | D:13     | Noticed Nessos
  9293 | D:13     | Killed Nessos
  9396 | D:13     | Found a runed translucent gate.
  9397 | D:13     | Found a runed translucent gate.
  9398 | D:13     | Found a runed translucent gate.
  9498 | D:13     | Found a gate to the Vaults.
  9586 | D:13     | Killed Erolcha
  9656 | D:13     | Learned a level 5 spell: Irradiate
  9708 | D:13     | Reached skill level 1 in Conjurations
  9724 | D:13     | Reached skill level 10 in Shields
  9739 | D:13     | Found a runed translucent gate.
  9739 | D:13     | Found a runed translucent gate.
  9744 | D:13     | Noticed KennySheep's ghost (journeyman MiHu)
  9746 | D:13     | Found a runed translucent gate.
  9794 | D:13     | Killed KennySheep's ghost
  9834 | D:13     | Identified the +1 pair of gloves of Irphe {+Inv Will+
                  | rCorr}
  9978 | D:15     | Entered Level 15 of the Dungeon
  9998 | D:15     | Reached skill level 5 in Stealth
 10404 | Snake:1  | Entered Level 1 of the Snake Pit
 10463 | Snake:1  | Reached XP level 17. HP: 98/151 MP: 35/37
 10481 | Lair:2   | HP: 7/151 [poisoned by a naga ritualist (toxic radiance)]
 10509 | Lair:2   | Noticed Sonja
 10517 | Lair:2   | Killed Sonja
 10588 | Snake:1  | Learned a level 5 spell: Alistair's Intoxication
 10633 | Snake:1  | Reached skill level 5 in Conjurations
 10907 | Snake:2  | Found a transporter.
 10909 | Snake:2  | Found a transporter.
 10974 | Snake:2  | Found a burning altar of Makhleb.
 10978 | Snake:2  | Noticed Aizul
 10998 | Snake:2  | Killed Aizul
 11021 | Snake:2  | Found a transporter.
 11023 | Snake:2  | Found a transporter.
 11033 | Snake:2  | Found a transporter.
 11033 | Snake:2  | Found a transporter.
 11108 | Snake:2  | Found the amulet of Vitality {RegenMP++ Regen++}
 11122 | Snake:2  | Found a transporter.
 11177 | Snake:2  | Found a transporter.
 11214 | Snake:2  | Reached skill level 15 in Fighting
 11307 | Snake:3  | Noticed a nagaraja
 11317 | Snake:3  | Killed a nagaraja
 11393 | Snake:3  | Found Zeusag's Assorted Antiques.
 11393 | Snake:3  | Found Nuwemi's Distillery.
 11419 | Snake:3  | Found Etsiacuto's Distillery.
 11433 | Snake:3  | Found Qifretu's Jewellery Emporium.
 11452 | Snake:3  | Bought a potion of haste for 140 gold pieces
 11452 | Snake:3  | Bought a potion of haste for 140 gold pieces
 11455 | Snake:3  | Bought a potion of heal wounds for 100 gold pieces
 11455 | Snake:3  | Bought a potion of heal wounds for 100 gold pieces
 11488 | Snake:3  | Gained mutation: You passively map a large area around you.
                  | [Meteoran growth]
 11488 | Snake:3  | Reached XP level 18. HP: 163/163 MP: 38/38
 11728 | Snake:4  | Entered Level 4 of the Snake Pit
 11844 | Snake:4  | Found Hafeshro's Antique Weapon Emporium.
 12088 | Snake:4  | Found Kioffeir's Vocational Training.
 12096 | Snake:4  | Bought a manual of Evocations for 1360 gold pieces
 12241 | Snake:4  | Noticed Vashnia
 12519 | Snake:4  | Killed Vashnia
 12527 | Snake:4  | Reached skill level 5 in Armour
 12615 | Snake:4  | Reached XP level 19. HP: 162/170 MP: 39/39
 12667 | Snake:4  | Got a serpentine rune of Zot
 12856 | Lair:3   | Found a staircase to the Swamp.
 12890 | Swamp:1  | Entered Level 1 of the Swamp
 12903 | Swamp:1  | Noticed Louise
 12910 | Swamp:1  | Killed Louise
 13032 | Swamp:2  | Noticed Kirke
 13033 | Swamp:2  | Noticed a tentacled monstrosity
 13060 | Swamp:1  | Killed a tentacled monstrosity
 13220 | Swamp:2  | Killed Kirke
 13316 | Swamp:4  | Entered Level 4 of the Swamp
 13449 | Swamp:4  | Reached skill level 10 in Evocations
 13850 | Swamp:4  | Noticed the 27-headed Lernaean hydra
 13885 | Swamp:4  | Killed the 27-headed Lernaean hydra
 13997 | Swamp:4  | Reached XP level 20. HP: 178/178 MP: 40/40
 14030 | Swamp:4  | Got a decaying rune of Zot
 14340 | Swamp:2  | Noticed Frances
 14353 | Swamp:2  | Killed Frances
 15029 | Lair:1   | Glimpsed the power of Zot.
 15137 | Elf:1    | Entered Level 1 of the Elven Halls
 15184 | Elf:1    | Paralysed by an air elemental for 1 turns
 15478 | Elf:2    | Paralysed by an air elemental for 1 turns
 15532 | Elf:2    | Found Pyheom's Weapon Emporium.
 15590 | Elf:2    | Paralysed by an air elemental for 1 turns
 15857 | Elf:2    | Reached XP level 21. HP: 184/184 MP: 41/41
 15896 | Elf:3    | Entered Level 3 of the Elven Halls
 16078 | Elf:3    | Noticed a Tzitzimitl
 16232 | Elf:3    | Noticed a Tzitzimitl
 16353 | Elf:3    | Reached XP level 22. HP: 174/192 MP: 36/42
 16369 | Elf:3    | Identified the +6 spear "Leydyun" {drain, Str+2 Dex+3}
 16417 | Elf:3    | Identified the +10 mace of the Nurturing Gods {freeze,
                  | *Corrode rElec rF+ Str+6}
 16496 | Elf:3    | Got the Precepts of Convocation and the Figure
 16496 | Elf:3    | Got the Reference Book on Formation
 16496 | Elf:3    | Got the Spellbook of Relocation
 16503 | Elf:3    | Learned a level 5 spell: Yara's Violent Unravelling
 16516 | Elf:3    | Got the Almanac of Cloudy Execration
 16835 | Orc:2    | Bought a scroll of teleportation for 48 gold pieces
 16835 | Orc:2    | Bought a scroll of teleportation for 48 gold pieces
 16835 | Orc:2    | Bought a wand of acid (5) for 336 gold pieces
 16876 | Orc:2    | Found a runed translucent door.
 16876 | Orc:2    | Noticed zeratav's ghost (adept MiFi)
 16913 | Orc:2    | Killed zeratav's ghost
 17125 | Vaults:1 | Entered Level 1 of the Vaults
 17126 | Vaults:1 | Upgraded the game from 0.30-a0-726-gd89dcf765f to
                  | 0.30-a0-728-gc68057be0a
 17272 | Vaults:1 | Reached skill level 1 in Hexes
 17294 | Vaults:1 | Found Rysch's Antique Weapon Shop.
 17476 | Vaults:2 | Found Boliloer's General Store.
 17582 | Vaults:2 | Reached skill level 5 in Hexes
 17582 | Vaults:2 | Reached XP level 23. HP: 77/199 MP: 21/43
 17622 | Vaults:2 | Found a crumbling gateway.
 17650 | Vaults:2 | Reached skill level 27 in Dodging
 17672 | Desolati | Entered the Desolation of Salt
 18107 | Desolati | Reached skill level 10 in Stealth
 18164 | Desolati | Identified the +2 hand axe "Waek" {flame, *Slow rElec
                  | Str+4}
 18165 | Desolati | Got the Vellum of the Conjured Storm
 18194 | Desolati | Glimpsed the power of Zot.
 18625 | Vaults:3 | Found Pafrus's Armour Emporium.
 18635 | Vaults:3 | Bought the +3 leather armour of the Hungering Gods {Rampage
                  | rC+ Dex+7} for 731 gold pieces
 19018 | Vaults:5 | Entered Level 5 of the Vaults
 19028 | Vaults:5 | Reached XP level 24. HP: 212/212 MP: 37/43
 19047 | Vaults:5 | Noticed a golden dragon
 19062 | Vaults:5 | Killed a golden dragon
 19182 | Vaults:5 | Reached skill level 15 in Shields
 19249 | Vaults:5 | Got a silver rune of Zot
 19256 | Vaults:5 | Identified the ring of Darkness {rElec Str+5 Int+6 Stlth-}
 19531 | Vaults:5 | Found the +8 orange crystal plate armour {Archmagi, Int+3
                  | Clar}
 19534 | Vaults:5 | Identified the +1 pair of gloves "Tompolu" {rC+ Int+4
                  | Dex+3}
 19539 | Vaults:5 | Got a silver rune of Zot
 19583 | Vaults:5 | Identified the +6 war axe "Ympeo" {elec, rPois rF+ Will-}
 19647 | Vaults:5 | Noticed a golden dragon
 19659 | Vaults:5 | Killed a golden dragon
 19764 | Vaults:4 | Reached XP level 25. HP: 222/222 MP: 43/43
 20110 | D:13     | Learned a level 6 spell: Death Channel
 20119 | D:13     | Learned a level 8 spell: Ignition
 20200 | D:14     | Reached skill level 1 in Necromancy
 20365 | D:15     | Found a staircase to the Depths.
 20375 | Depths:1 | Entered Level 1 of the Depths
 20411 | Depths:1 | Reached skill level 5 in Necromancy
 20464 | Depths:1 | Found Cygrusu's Book Boutique.
 20465 | Depths:1 | Found Kenuig's Jewellery Emporium.
 20466 | Depths:1 | Found Zesiapytor's Book Boutique.
 20471 | Depths:1 | Bought a Necronomicon for 840 gold pieces
 20475 | Depths:1 | Bought a +6 ring of dexterity for 828 gold pieces
 20478 | Depths:1 | Bought a book of Annihilations for 1200 gold pieces
 20725 | Depths:1 | Reached skill level 10 in Necromancy
 20850 | Depths:1 | Found a portal to a secret trove of treasure.
 21040 | Depths:2 | Found a gateway to Hell.
 21055 | Hell     | Entered the Vestibule of Hell
 21055 | Hell     | Noticed Geryon
 21078 | Hell     | Killed Geryon
 21094 | Hell     | Reached XP level 26. HP: 229/229 MP: 43/43
 21110 | Hell     | Gained mutation: Your body sometimes deteriorates upon
                  | taking damage. [a cacodemon]
 21114 | Depths:2 | Lost mutation: Your body sometimes deteriorates upon taking
                  | damage. [potion of mutation]
 21114 | Depths:2 | Lost mutation: Potions are less effective at restoring your
                  | health. [potion of mutation]
 21114 | Depths:2 | Gained mutation: You are very weak. (Str -4) [potion of
                  | mutation]
 21114 | Depths:2 | Gained mutation: You are clumsy. (Dex -2) [potion of
                  | mutation]
 21115 | Depths:2 | Lost mutation: You are clumsy. (Dex -2) [potion of
                  | mutation]
 21115 | Depths:2 | Lost mutation: You are very weak. (Str -4) [potion of
                  | mutation]
 21115 | Depths:2 | Gained mutation: Your magical capacity is low. (-10% MP)
                  | [potion of mutation]
 21115 | Depths:2 | Lost mutation: You are weak. (Str -2) [potion of mutation]
 21217 | Hell     | Reached skill level 1 in Fire Magic
 21260 | Hell     | Reached skill level 5 in Fire Magic
 21281 | Depths:4 | Entered Level 4 of the Depths
 21281 | Depths:4 | Found Lutoics's Armour Emporium.
 21398 | Depths:4 | Found a one-way gate leading to the halls of Pandemonium.
 21449 | Depths:4 | Identified the +1 cloak of Kutobemu {Str+2}
 21464 | Pan      | Entered Pandemonium
 21493 | Pan      | Found an exit through the horrors of the Abyss.
 21514 | Pan      | Took an exit into the Abyss.
 21514 | Abyss:1  | Escaped into the Abyss
 21551 | Depths:4 | Escaped the Abyss
 21553 | Pan      | Entered Pandemonium
 21603 | Pan      | Noticed Qalliuck the pandemonium lord
 21607 | Pan      | Reached skill level 10 in Fire Magic
 21729 | Pan      | Found Nemoi's Book Boutique.
 21729 | Pan      | Found an opulent altar of Gozag.
 21729 | Pan      | Found an opulent altar of Gozag.
 21752 | Pan      | Found Nemoi's Jewellery Shoppe.
 21753 | Pan      | Found an opulent altar of Gozag.
 21833 | Pan      | Found Nemoi's Demonic Rune Stash.
 21833 | Pan      | Noticed Nemoi the pandemonium lord
 21847 | Pan      | Killed Nemoi the pandemonium lord
 21949 | Pan      | Found Nemoi's Exquisite Manuscripts.
 21957 | Pan      | Bought 2 scrolls of acquirement for 2080 gold pieces
 21957 | Pan      | Acquired the +9 staff of Wucad Mu {*channel}
 21957 | Pan      | Found the +9 staff of Wucad Mu {*channel}
 21958 | Pan      | Acquired 829 gold pieces
 22092 | Pan      | Entered the realm of Mnoleg.
 22092 | Pan      | Noticed Mnoleg
 22095 | Pan      | Got a glowing rune of Zot
 22105 | Pan      | Gained mutation: You have hidden genetic defects. [a
                  | neqoxec]
 22122 | Pan      | Lost mutation: Your spells are a little harder to cast, but
                  | a little more powerful. [potion of mutation]
 22122 | Pan      | Lost mutation: You have hidden genetic defects. [potion of
                  | mutation]
 22122 | Pan      | Gained mutation: You occasionally shout uncontrollably at
                  | your foes. [potion of mutation]
 22122 | Pan      | Gained mutation: You have hidden genetic defects. [potion
                  | of mutation]
 22122 | Pan      | Gained mutation: Potions are less effective at restoring
                  | your health. [potion of mutation]
 22123 | Pan      | Lost mutation: You have hidden genetic defects. [potion of
                  | mutation]
 22123 | Pan      | Lost mutation: Potions are less effective at restoring your
                  | health. [potion of mutation]
 22123 | Pan      | Lost mutation: Your magical capacity is low. (-10% MP)
                  | [potion of mutation]
 22123 | Pan      | Gained mutation: You occasionally lose the ability to read
                  | scrolls when taking damage. [potion of mutation]
 22123 | Pan      | Gained mutation: Armour fits poorly on your strangely
                  | shaped body. [potion of mutation]
 22123 | Pan      | Gained mutation: You are partially covered in iridescent
                  | scales. (AC +2) [potion of mutation]
 22163 | Pan      | Gained mutation: You are frail. (-10% HP) [a cacodemon]
 22274 | Pan      | Reached XP level 27. HP: 212/212 MP: 43/43
 22292 | Pan      | Entered the realm of Cerebov.
 22312 | Pan      | Found an exit through the horrors of the Abyss.
 22330 | Pan      | Acquired 550 gold pieces
 22419 | Pan      | Found the +6 sword of Cerebov {flame}
 22419 | Pan      | Noticed Cerebov
 22471 | Pan      | Got Sif Muna's Handbook of Akashic Ashes
 22516 | Pan      | Reached skill level 15 in Fire Magic
 22555 | Pan      | Identified the ring "Onnointo" {rF++ Str+6 Stlth+}
 22592 | Pan      | Got Xiyn Ruo's Incunabulum of Metal and Reconstruction
 22745 | Pan      | Lost mutation: You are frail. (-10% HP) [potion of
                  | mutation]
 22745 | Pan      | Lost mutation: Armour fits poorly on your strangely shaped
                  | body. [potion of mutation]
 22745 | Pan      | Lost mutation: You occasionally lose the ability to read
                  | scrolls when taking damage. [potion of mutation]
 22745 | Pan      | Gained mutation: You frequently scream uncontrollably at
                  | your foes. [potion of mutation]
 22745 | Pan      | Gained mutation: You have a pair of small horns on your
                  | head. [potion of mutation]
 22745 | Pan      | Gained mutation: Your body sometimes deteriorates upon
                  | taking damage. [potion of mutation]
 22746 | Pan      | Lost mutation: You are partially covered in iridescent
                  | scales. (AC +2) [potion of mutation]
 22746 | Pan      | Lost mutation: You have a pair of small horns on your head.
                  | [potion of mutation]
 22746 | Pan      | Lost mutation: You frequently scream uncontrollably at your
                  | foes. [potion of mutation]
 22746 | Pan      | Gained mutation: You have sharp toenails. [potion of
                  | mutation]
 22746 | Pan      | Gained mutation: You expend magic power (3 MP) to
                  | strengthen your wands. [potion of mutation]
 22747 | Pan      | Lost mutation: You have sharp toenails. [potion of
                  | mutation]
 22747 | Pan      | Lost mutation: You expend magic power (3 MP) to strengthen
                  | your wands. [potion of mutation]
 22747 | Pan      | Lost mutation: Your body sometimes deteriorates upon taking
                  | damage. [potion of mutation]
 22747 | Pan      | Gained mutation: You are partially covered in iridescent
                  | scales. (AC +2) [potion of mutation]
 22747 | Pan      | Gained mutation: You are occasionally teleported next to
                  | monsters. [potion of mutation]
 22747 | Pan      | Gained mutation: Your spells are a little harder to cast,
                  | but a little more powerful. [potion of mutation]
 22748 | Pan      | Lost mutation: You are partially covered in iridescent
                  | scales. (AC +2) [potion of mutation]
 22748 | Pan      | Lost mutation: Your spells are a little harder to cast, but
                  | a little more powerful. [potion of mutation]
 22748 | Pan      | Gained mutation: You have a pair of small horns on your
                  | head. [potion of mutation]
 22748 | Pan      | Gained mutation: Your mind is acute. (Int +4, Str/Dex -1)
                  | [potion of mutation]
 22789 | Pan      | Killed Cerebov
 22823 | Pan      | Got a fiery rune of Zot
 22956 | Pan      | Learned a level 9 spell: Chain Lightning
 23063 | Pan      | Found an exit through the horrors of the Abyss.
 23081 | Pan      | Noticed Jiuma the pandemonium lord
 23083 | Pan      | Entered the realm of Gloorx Vloq.
 23329 | Pan      | Noticed Mnoleg
 23388 | Pan      | Noticed Gloorx Vloq
 23525 | Pan      | Learned a level 8 spell: Necromutation
 23585 | Pan      | Killed Gloorx Vloq
 23597 | Pan      | Got a dark rune of Zot
 23705 | Pan      | Found an exit through the horrors of the Abyss.
 23763 | Pan      | Entered the realm of Lom Lobon.
 23892 | Pan      | Reached skill level 15 in Transmutations
 23965 | Pan      | Noticed Lom Lobon
 24010 | Pan      | Got a magical rune of Zot
 24138 | Pan      | Identified the +1 scale mail of the Raven {rC- Will++ Dex+3
                  | SInv}
 24527 | Pan      | Noticed Burchuet the pandemonium lord
 24550 | Pan      | Killed Burchuet the pandemonium lord
 24592 | Pan      | Got a demonic rune of Zot
 24630 | Pan      | Got the Elucidation of the Shapeshifter
 24770 | Pan      | Reached skill level 15 in Necromancy
 24777 | Pan      | Noticed Jovoeliu the pandemonium lord
 24792 | Pan      | Found an exit through the horrors of the Abyss.
 24801 | Pan      | Took an exit into the Abyss.
 24801 | Abyss:1  | Escaped into the Abyss
 24801 | Abyss:1  | Found a corrupted altar of Lugonu.
 24837 | Abyss:2  | Found a corrupted altar of Lugonu.
 24840 | Abyss:2  | Found a corrupted altar of Lugonu.
 25368 | Abyss:3  | Paralysed by you for 3 turns
 25983 | Abyss:3  | Got an abyssal rune of Zot
 26022 | Depths:4 | Escaped the Abyss
 26032 | Depths:4 | Found an ancient bone altar of Kikubaaqudgha.
 26071 | Depths:4 | Found Rounyup's Magic Scroll Emporium.
 26074 | Depths:4 | Bought a scroll of teleportation for 45 gold pieces
 26074 | Depths:4 | Bought a scroll of enchant weapon for 112 gold pieces
 26074 | Depths:4 | Bought a scroll of enchant weapon for 112 gold pieces
 26103 | Depths:4 | Noticed a juggernaut
 26125 | Depths:4 | Killed a juggernaut
 26294 | Depths:4 | Found Tuuf's Book Shoppe.
 26294 | Depths:4 | Found Pupaf's Distillery.
 26298 | Depths:4 | Found Xihogy's Jewellery Shoppe.
 26300 | Depths:4 | Found Haim's Antique Weapon Shoppe.
 26310 | Depths:4 | Bought a bloodstained morningstar for 342 gold pieces
 26310 | Depths:4 | Identified the +6 morningstar of Burning Judgement {holy,
                  | *Noise Fly rC+ Int+6} (You bought it in a shop on level 4
                  | of the Depths)
 26315 | Depths:4 | Bought 2 potions of might for 120 gold pieces
 26315 | Depths:4 | Bought a potion of resistance for 150 gold pieces
 26315 | Depths:4 | Bought a potion of mutation for 120 gold pieces
 26315 | Depths:4 | Lost mutation: You occasionally shout uncontrollably at
                  | your foes. [potion of mutation]
 26315 | Depths:4 | Lost mutation: You are occasionally teleported next to
                  | monsters. [potion of mutation]
 26315 | Depths:4 | Lost mutation: You have a pair of small horns on your head.
                  | [potion of mutation]
 26315 | Depths:4 | Gained mutation: You are frail. (-10% HP) [potion of
                  | mutation]
 26315 | Depths:4 | Gained mutation: You occasionally shout uncontrollably at
                  | your foes. [potion of mutation]
 26315 | Depths:4 | Gained mutation: Your spells are a little harder to cast,
                  | but a little more powerful. [potion of mutation]
 26353 | Depths:4 | Found a gate to the Realm of Zot.
 26353 | Depths:4 | Found a one-way gateway to a ziggurat.
 26380 | Depths:4 | Paralysed by a floating eye for 3 turns
 26425 | Zig:1    | Entered Level 1 of a ziggurat
 26448 | Zig:2    | Entered Level 2 of a ziggurat
 26489 | Zig:3    | Entered Level 3 of a ziggurat
 26513 | Zig:4    | Entered Level 4 of a ziggurat
 26523 | Zig:4    | Identified the +0 kite shield "Vagyduov" {Rampage}
 26546 | Zig:5    | Entered Level 5 of a ziggurat
 26605 | Zig:6    | Entered Level 6 of a ziggurat
 26649 | Zig:6    | Identified the +2 glaive "Ked Push" {freeze, *Slow rCorr
                  | Str+5}
 26667 | Zig:7    | Entered Level 7 of a ziggurat
 26673 | Zig:7    | Noticed Ruekhluz the pandemonium lord
 26687 | Zig:7    | Killed Ruekhluz the pandemonium lord
 26704 | Zig:7    | Identified the +3 scimitar of Rian {vamp, Str-2 Int+3
                  | Stlth+}
 26707 | Zig:7    | Identified the +5 whip of the Conjuring Gods {venom, rN+
                  | Str+3 Int+2}
 26718 | Zig:8    | Entered Level 8 of a ziggurat
 26726 | Zig:8    | Noticed Yhumid the pandemonium lord
 26743 | Zig:8    | Killed Yhumid the pandemonium lord
 26770 | Zig:9    | Entered Level 9 of a ziggurat
 26829 | Zig:9    | Lost mutation: Your spells are a little harder to cast, but
                  | a little more powerful. [potion of mutation]
 26829 | Zig:9    | Lost mutation: You occasionally shout uncontrollably at
                  | your foes. [potion of mutation]
 26829 | Zig:9    | Lost mutation: Your mind is acute. (Int +4, Str/Dex -1)
                  | [potion of mutation]
 26829 | Zig:9    | Gained mutation: You occasionally shout uncontrollably at
                  | your foes. [potion of mutation]
 26829 | Zig:9    | Gained mutation: You have large cloven feet. [potion of
                  | mutation]
 26829 | Zig:9    | Gained mutation: You have a pair of small antennae on your
                  | head. [potion of mutation]
 26835 | Zig:10   | Entered Level 10 of a ziggurat
 26844 | Zig:10   | Noticed a royal mummy
 26859 | Zig:10   | Killed a royal mummy
 26885 | Zig:10   | Identified the +5 triple crossbow of the World {heavy,
                  | rPois Str+10}
 26886 | Zig:10   | Identified the +1 long sword of Came {spect, rCorr}
 26887 | Zig:10   | Identified the +6 war axe "Xiqaut" {distort, Fly Dex+5}
 26892 | Zig:10   | Got Wikhyus's Directory of the Evil Eye
 26903 | Zig:11   | Entered Level 11 of a ziggurat
 26956 | Zig:11   | Identified the +1 sling of Famine {elec, *Corrode rElec
                  | Int+2}
 26972 | Zig:12   | Entered Level 12 of a ziggurat
 26996 | Zig:12   | Identified the +6 scale mail of Integrity {Harm +Blink
                  | Will-}
 27079 | Zig:12   | Got the Almanac of Electricity
 27130 | Zig:13   | Entered Level 13 of a ziggurat
 27157 | Zig:13   | Identified the +7 shortbow of Beloved Guile {drain, Fragile
                  | rPois Dex+3}
 27177 | Zig:13   | Identified the amulet "Quptiqoz" {rN+ Regen+ MP+9}
 27209 | Zig:13   | Identified the +0 great mace "Spiderbane" {pain, *Rage
                  | rElec rC+ Int+4}
 27245 | Zig:14   | Entered Level 14 of a ziggurat
 27260 | Zig:14   | Noticed a dread lich
 27260 | Zig:14   | Noticed an ancient lich
 27260 | Zig:14   | Noticed an ancient lich
 27260 | Zig:14   | Noticed an ancient lich
 27261 | Zig:14   | Noticed a dread lich
 27265 | Zig:14   | Killed an ancient lich
 27266 | Zig:14   | Killed a dread lich
 27266 | Zig:14   | Killed an ancient lich
 27268 | Zig:14   | Killed a dread lich
 27270 | Zig:14   | Killed an ancient lich
 27274 | Zig:14   | Identified the +6 war axe of Corporal Punishment {vamp,
                  | *Noise rElec rF+++ Will-}
 27287 | Zig:14   | Identified the ring "Ijox" {Ice Dex+3}
 27333 | Zig:14   | Got the Secrets of Confrontation and Vapour
 27336 | Zig:14   | Lost mutation: You occasionally shout uncontrollably at
                  | your foes. [potion of mutation]
 27336 | Zig:14   | Lost mutation: You have a pair of small antennae on your
                  | head. [potion of mutation]
 27336 | Zig:14   | Gained mutation: Your movements are slightly less
                  | encumbered by armour. (ER -2) [potion of mutation]
 27336 | Zig:14   | Gained mutation: You have hidden genetic potential. [potion
                  | of mutation]
 27340 | Zig:15   | Entered Level 15 of a ziggurat
 27391 | Zig:15   | Identified the +2 robe of Kiddoin {+Blink rC+ SInv Stlth+}
 27436 | Zig:15   | Identified the +0 pair of gloves of Anaesthesia {rC+}
 27440 | Zig:15   | Identified the +11 hand axe of the Jolly Beasts {freeze,
                  | *Slow Fly Will- Dex+8}
 27442 | Zig:15   | Identified the +1 chain mail of the Pits of Slime {Fly
                  | Dex+5}
 27447 | Zig:16   | Entered Level 16 of a ziggurat
 27467 | Zig:16   | Reached skill level 5 in Air Magic
 27468 | Zig:16   | Reached skill level 10 in Conjurations
 27493 | Zig:16   | Lost mutation: You have hidden genetic potential. [potion
                  | of mutation]
 27493 | Zig:16   | Lost mutation: You are frail. (-10% HP) [potion of
                  | mutation]
 27493 | Zig:16   | Lost mutation: Your movements are slightly less encumbered
                  | by armour. (ER -2) [potion of mutation]
 27493 | Zig:16   | Gained mutation: Your body sometimes deteriorates upon
                  | taking damage. [potion of mutation]
 27493 | Zig:16   | Gained mutation: You are weak. (Str -2) [potion of
                  | mutation]
 27493 | Zig:16   | Gained mutation: Armour fits poorly on your strangely
                  | shaped body. [potion of mutation]
 27493 | Zig:16   | Gained mutation: You expend magic power (3 MP) to
                  | strengthen your wands. [potion of mutation]
 27526 | Zig:16   | Identified the +1 leather armour "Trusted Companion" {-Cast
                  | *Slow Will+++ Dex+6}
 27527 | Zig:16   | Identified the +3 short sword "Osaz Ymu" {vamp, Dex+4}
 27604 | Zig:17   | Entered Level 17 of a ziggurat
 27623 | Zig:17   | Noticed an ancient lich
 27623 | Zig:17   | Noticed an ancient lich
 27626 | Zig:17   | Reached skill level 10 in Air Magic
 27632 | Zig:17   | Killed an ancient lich
 27632 | Zig:17   | Killed an ancient lich
 27638 | Zig:17   | Identified the +3 scale mail of Punudwai {Dex+4}
 27673 | Zig:17   | Identified the +4 trident "Dodixaid" {flame, Str+4}
 27708 | Zig:18   | Entered Level 18 of a ziggurat
 27720 | Zig:18   | Noticed an ancient lich
 27723 | Zig:18   | Noticed a dread lich
 27723 | Zig:18   | Noticed a dread lich
 27723 | Zig:18   | Noticed an ancient lich
 27730 | Zig:18   | Killed a dread lich
 27732 | Zig:18   | Killed an ancient lich
 27735 | Zig:18   | Killed an ancient lich
 27737 | Zig:18   | Killed a dread lich
 27806 | Zig:18   | Identified the +2 hat of Icuorof {rElec Dex+3}
 27816 | Zig:18   | Lost mutation: You are weak. (Str -2) [potion of mutation]
 27816 | Zig:18   | Lost mutation: You have large cloven feet. [potion of
                  | mutation]
 27816 | Zig:18   | Gained mutation: Your muscles are strong. (Str +4, Int/Dex
                  | -1) [potion of mutation]
 27816 | Zig:18   | Gained mutation: You are robust. (+10% HP) [potion of
                  | mutation]
 27816 | Zig:18   | Gained mutation: You are agile. (Dex +4, Str/Int -1)
                  | [potion of mutation]
 27829 | Zig:19   | Entered Level 19 of a ziggurat
 27876 | Zig:19   | Reached skill level 15 in Conjurations
 27958 | Zig:19   | Reached skill level 15 in Air Magic
 28028 | Zig:19   | Identified the amulet of the Castellan {Faith Harm Regen+
                  | Str-4}
 28039 | Zig:19   | Identified the +11 sling of Embarrassment {drain, Dex+4}
 28062 | Zig:20   | Entered Level 20 of a ziggurat
 28073 | Zig:20   | Learned a level 9 spell: Shatter
 28154 | Zig:20   | Identified the +5 ring mail of Dunofeu {Will+} (You found
                  | it on level 20 of a ziggurat)
 28167 | Zig:20   | Identified the amulet "Udanuasi" {Acrobat Contam Int-2
                  | Dex+6 Stlth+}
 28203 | Zig:21   | Entered Level 21 of a ziggurat
 28215 | Zig:21   | Noticed a royal mummy
 28216 | Zig:21   | Noticed a royal mummy
 28217 | Zig:21   | Noticed a royal mummy
 28217 | Zig:21   | Noticed an ancient lich
 28218 | Zig:21   | Noticed a royal mummy
 28218 | Zig:21   | Noticed a royal mummy
 28221 | Zig:21   | Noticed a royal mummy
 28221 | Zig:21   | Noticed a royal mummy
 28222 | Zig:21   | Noticed a royal mummy
 28224 | Zig:21   | Killed a royal mummy
 28224 | Zig:21   | Killed a royal mummy
 28224 | Zig:21   | Killed a royal mummy
 28224 | Zig:21   | Killed a royal mummy
 28225 | Zig:21   | Killed a royal mummy
 28225 | Zig:21   | Killed a royal mummy
 28233 | Zig:21   | Killed a royal mummy
 28233 | Zig:21   | Killed a royal mummy
 28256 | Zig:21   | Killed an ancient lich
 28269 | Zig:21   | Identified the amulet of Nobility {Spirit rElec rN+ rCorr
                  | Dex-2}
 28315 | Zig:21   | Identified the +7 trident of Feuged {heavy, Int+4 Stlth+}
 28320 | Zig:21   | Identified the +9 great sword "Bimuug" {freeze, Dex+3}
 28330 | Zig:21   | Identified the +1 sling "Jyutze Merr" {freeze, Str+2}
 28337 | Zig:21   | Identified the +8 trident of the Harvest {pain, rElec rN+
                  | Int+2 SInv}
 28382 | Zig:22   | Entered Level 22 of a ziggurat
 28399 | Zig:22   | Noticed a caustic shrike
 28399 | Zig:22   | Noticed a caustic shrike
 28399 | Zig:22   | Noticed a caustic shrike
 28399 | Zig:22   | Noticed a caustic shrike
 28403 | Zig:22   | Noticed a caustic shrike
 28404 | Zig:22   | Killed a caustic shrike
 28405 | Zig:22   | Noticed a caustic shrike
 28405 | Zig:22   | Killed a caustic shrike
 28406 | Zig:22   | Killed a caustic shrike
 28406 | Zig:22   | Killed a caustic shrike
 28407 | Zig:22   | Noticed a caustic shrike
 28413 | Zig:22   | Killed a caustic shrike
 28415 | Zig:22   | Killed a caustic shrike
 28419 | Zig:22   | Found the +11 plutonium sword {Contam Stlth-}
 28420 | Zig:22   | Killed a caustic shrike
 28421 | Zig:22   | Found the ring of the Tortoise {AC+8}
 28487 | Zig:22   | Identified the +3 morningstar "Zicalo" {venom, Dex+4}
 28538 | Zig:23   | Entered Level 23 of a ziggurat
 28550 | Zig:23   | Noticed a dread lich
 28555 | Zig:23   | Noticed an ancient lich
 28555 | Zig:23   | Noticed an ancient lich
 28556 | Zig:23   | Noticed a dread lich
 28563 | Zig:23   | Killed a dread lich
 28563 | Zig:23   | Noticed an ancient lich
 28564 | Zig:23   | Killed an ancient lich
 28565 | Zig:23   | Killed a dread lich
 28568 | Zig:23   | Killed an ancient lich
 28573 | Zig:23   | Found the +7 great mace "Undeadhunter" {deathbane, rN+}
 28574 | Zig:23   | Killed an ancient lich
 28669 | Zig:23   | Identified the +3 leather armour of Wu Jian's Condemnation
                  | {*Slow rPois Str-3 Dex+8}
 28679 | Zig:23   | Identified the +1 leather armour "Goyhups" {Harm Stlth+}
 28699 | Zig:23   | Identified the +7 great sword "Qoiqaol" {freeze, *Slow
                  | rElec rC+ Str+2}
 28784 | Zig:24   | Entered Level 24 of a ziggurat
 28881 | Zig:24   | Identified the ring of the Louse {rElec rF+ rN+ Will-
                  | rCorr}
 28956 | Zig:24   | Found the +2 shield of Resistance {rF++ rC++ Will++}
 28986 | Zig:24   | Identified the +3 short sword "Maipe" {spect, Contam rPois
                  | rN+}
 28987 | Zig:24   | Identified the +7 spear "Newtslayer" {vamp, Str+4}
 28989 | Zig:24   | Identified the +6 sling of Stickiness {heavy, Will++ Str+3}
 28995 | Zig:24   | Identified the +0 chain mail "Heatyr" {-Cast rPois rF++
                  | Dex+3}
 29008 | Zig:25   | Entered Level 25 of a ziggurat
 29026 | Zig:25   | Noticed a dread lich
 29029 | Zig:25   | Noticed an ancient lich
 29038 | Zig:25   | Noticed an ancient lich
 29043 | Zig:25   | Killed a dread lich
 29055 | Zig:25   | Found the +9 scales of the Dragon King {rPois rF+ rC+
                  | Will+}
 29055 | Zig:25   | Killed a dread lich
 29064 | Zig:25   | Killed an ancient lich
 29078 | Zig:25   | Killed an ancient lich
 29201 | Zig:25   | Identified the +9 morningstar of Invincibility {freeze, rN+
                  | Will++ Dex-5 Stlth+}
 29211 | Zig:25   | Identified the +3 short sword of Keasaloev {venom, rF+ rC++
                  | Str-3 Stlth+}
 29230 | Zig:26   | Entered Level 26 of a ziggurat
 29246 | Zig:26   | Noticed Canaj the pandemonium lord
 29249 | Zig:26   | Noticed Osennav the pandemonium lord
 29253 | Zig:26   | Noticed Zihael the pandemonium lord
 29254 | Zig:26   | Noticed Sevvo the pandemonium lord
 29254 | Zig:26   | Noticed a Killer Klown
 29254 | Zig:26   | Noticed a Killer Klown
 29257 | Zig:26   | Noticed Cacviv the pandemonium lord
 29258 | Zig:26   | Noticed a Killer Klown
 29259 | Zig:26   | Killed Canaj the pandemonium lord
 29259 | Zig:26   | Noticed Wont the pandemonium lord
 29260 | Zig:26   | Noticed a Killer Klown
 29260 | Zig:26   | Noticed a Killer Klown
 29262 | Zig:26   | Killed Osennav the pandemonium lord
 29262 | Zig:26   | Noticed Xodis the pandemonium lord
 29264 | Zig:26   | Noticed Sarghi Lema the pandemonium lord
 29264 | Zig:26   | Killed Sevvo the pandemonium lord
 29265 | Zig:26   | Killed a Killer Klown
 29265 | Zig:26   | Noticed Hanoifan the pandemonium lord
 29265 | Zig:26   | Noticed Iketi the pandemonium lord
 29265 | Zig:26   | Noticed Xatikiw the pandemonium lord
 29266 | Zig:26   | Killed a Killer Klown
 29266 | Zig:26   | Noticed Jaogaos the pandemonium lord
 29269 | Zig:26   | Killed a Killer Klown
 29269 | Zig:26   | Killed a Killer Klown
 29269 | Zig:26   | Noticed Ecurich the pandemonium lord
 29270 | Zig:26   | Noticed Lexukajo the pandemonium lord
 29271 | Zig:26   | Noticed Xedgh the pandemonium lord
 29272 | Zig:26   | Killed Hanoifan the pandemonium lord
 29274 | Zig:26   | Noticed Itock the pandemonium lord
 29275 | Zig:26   | Noticed Halot the pandemonium lord
 29276 | Zig:26   | Noticed Ditsouso the pandemonium lord
 29280 | Zig:26   | Killed Xodis the pandemonium lord
 29281 | Zig:26   | Noticed Jisupeub the pandemonium lord
 29283 | Zig:26   | Killed Itock the pandemonium lord
 29284 | Zig:26   | Killed a Killer Klown
 29300 | Zig:26   | Killed Zihael the pandemonium lord
 29300 | Zig:26   | Killed Sarghi Lema the pandemonium lord
 29301 | Zig:26   | Killed Lexukajo the pandemonium lord
 29305 | Zig:26   | Noticed Duicw the pandemonium lord
 29314 | Zig:26   | Killed Ecurich the pandemonium lord
 29318 | Zig:26   | Noticed Gimnagaq the pandemonium lord
 29327 | Zig:26   | Identified the ring of Noon {Ice Dex+5}
 29331 | Zig:27   | Entered Level 27 of a ziggurat
 29483 | Zig:27   | Identified the +6 plate armour of Woreaneh {Rampage Fly rC+
                  | SInv} (You found it on level 27 of a ziggurat)
 29485 | Zig:27   | Identified the +2 great sword of Keow {heavy, Int+3} (You
                  | found it on level 27 of a ziggurat)
 29487 | Zig:27   | Identified the +9 mace of the Carved God {freeze, rN+ Str-4
                  | Dex+7 Stlth+} (You found it on level 27 of a ziggurat)
 29515 | Zig:27   | Identified the +1 pair of gloves "Coyhautiri" {Str+8}
 30609 | Depths:3 | Found an ornate altar of the Wu Jian Council.
 30856 | Depths:3 | Found a one-way gate to the infinite horrors of the Abyss.
 31282 | Depths:3 | Noticed a caustic shrike
 31288 | Depths:3 | Killed a caustic shrike
 31299 | Depths:3 | Reached skill level 15 in Evocations
 31371 | Depths:3 | Identified the +1 scimitar "Noedgh" {heavy, Str-4 Dex+5}
 31374 | Depths:3 | Identified the ring "Lamey" {rC+ rN+}
 31377 | Depths:3 | Got the Spellbook of Apparitions
 32243 | Depths:2 | Identified the +2 great mace of Kuckerykk {freeze, rCorr
                  | Dex+3}
 34984 | D:11     | Identified the +1 ring mail "Votunl Papont" {rC+}
 35123 | D:11     | Found Venacw's Jewellery Emporium.
 35486 | D:10     | Noticed Grum
 35495 | D:10     | Killed Grum
 36013 | D:9      | Found a radiant altar of Vehumet.
 38421 | D:2      | Found a runed translucent door.
 38422 | D:2      | Noticed Crazy Yiuf
 38552 | D:2      | Killed Crazy Yiuf
 40997 | Lair:4   | Found a staircase to the Slime Pits.
 41060 | Slime:1  | Entered Level 1 of the Pits of Slime
 41060 | Slime:1  | Noticed Donald
 41070 | Lair:4   | Killed Donald
 41217 | Slime:5  | Entered Level 5 of the Pits of Slime
 41235 | Slime:5  | Noticed the Royal Jelly
 41257 | Slime:5  | Killed the Royal Jelly
 41370 | Slime:5  | Identified the +1 short sword of the Shark {spect, rC-
                  | Will+++ Str-4 Dex+4}
 41384 | Slime:5  | Identified the +7 long sword "Rudani" {distort, *Slow rN+
                  | Int+3}
 41385 | Slime:5  | Identified the +8 great sword "Hodoarr" {pain, rF+ rC-
                  | Dex+6 SInv}
 41401 | Slime:5  | Identified the +1 leather armour of Pride {rPois Int+3
                  | Dex+2} (You found it on level 5 of the Pits of Slime)
 41422 | Slime:5  | Got a slimy rune of Zot
 43228 | Hell     | Found a gateway to the ashen valley of Gehenna.
 43266 | Hell     | Found a gateway to the Iron City of Dis.
 43404 | Hell     | Found a gateway to the freezing wastes of Cocytus.
 43518 | Hell     | Found a gateway to the decaying netherworld of Tartarus.
 43642 | Tar:1    | Entered Level 1 of Tartarus
 44139 | Tar:2    | Noticed a dread lich
 44139 | Tar:2    | Noticed a dread lich
 44139 | Tar:2    | Noticed a dread lich
 44139 | Tar:2    | Noticed an ancient lich
 44139 | Tar:2    | Noticed an ancient lich
 44145 | Hell     | Killed an ancient lich
 44228 | Hell     | Killed a dread lich
 44237 | Hell     | Killed a dread lich
 44282 | Tar:2    | Killed a dread lich
 44294 | Hell     | Killed an ancient lich
 44506 | Zot:1    | Entered Level 1 of the Realm of Zot
 44529 | Zot:2    | Reached skill level 27 in Conjurations
 44666 | Zot:2    | Noticed a Killer Klown
 44700 | Zot:2    | Killed a Killer Klown
 44748 | Zot:3    | Reached skill level 27 in Air Magic
 44781 | Zot:3    | Noticed an orb of fire
 44789 | Zot:3    | Killed an orb of fire
 44810 | Zot:3    | Noticed a curse toe
 44810 | Zot:3    | Noticed an ancient lich
 44824 | Zot:3    | Killed an ancient lich
 44828 | Zot:3    | Killed a curse toe
 45813 | Zot:5    | Entered Level 5 of the Realm of Zot
 46028 | Zot:5    | Noticed an orb of fire
 46034 | Zot:5    | Noticed an orb of fire
 46037 | Zot:5    | Noticed a Killer Klown
 46047 | Zot:5    | Killed a Killer Klown
 46049 | Zot:5    | Killed an orb of fire
 46052 | Zot:5    | Noticed a Killer Klown
 46059 | Zot:5    | Killed a Killer Klown
 46061 | Zot:5    | Noticed an ancient lich
 46066 | Zot:5    | Noticed a dread lich
 46106 | Zot:4    | Killed a dread lich
 46173 | Zot:5    | Killed an ancient lich
 46174 | Zot:5    | Noticed a curse toe
 46181 | Zot:5    | Killed a curse toe
 46272 | Zot:5    | Killed an orb of fire
 46335 | Zot:5    | Noticed an orb of fire
 46346 | Zot:5    | Noticed a Killer Klown
 46356 | Zot:5    | Killed a Killer Klown
 46357 | Zot:5    | Killed an orb of fire
 46360 | Zot:5    | Noticed an orb of fire
 46367 | Zot:5    | Killed an orb of fire
 47173 | Zot:3    | Identified the +1 rapier of Irritation {heavy, rPois rN+
                  | Str-3}
 47877 | Zot:2    | Noticed an orb of fire
 47893 | Zot:2    | Gained mutation: You are vulnerable to heat. (rF-) [an orb
                  | of fire]
 48106 | Depths:3 | Voluntarily entered the Abyss.
 48301 | Abyss:3  | Gained mutation: You sometimes lose your temper in combat.
                  | [a cacodemon]
 48435 | Depths:3 | Escaped the Abyss
 48437 | Depths:3 | Upgraded the game from 0.30-a0-728-gc68057be0a to
                  | 0.30-a0-737-gf23d94013f
 48726 | Zot:5    | Noticed Likado's ghost (master GnRe)
 48727 | Zot:5    | Found a runed translucent gate.
 48729 | Zot:5    | Found a runed translucent gate.
 48730 | Zot:5    | Found a runed translucent gate.
 48853 | Zot:5    | Noticed an orb of fire
 48861 | Zot:5    | Noticed a dread lich
 48913 | Zot:5    | Noticed an ancient lich
 48927 | Zot:5    | Noticed an orb of fire
 48930 | Zot:5    | Noticed an ancient lich
 48935 | Zot:5    | Killed an ancient lich
 48976 | Zot:5    | Got the Orb of Zot
 49390 | D:12     | Noticed Oqeugie the pandemonium lord
 49398 | D:12     | Noticed Ofeigim the pandemonium lord
 49418 | D:12     | Killed Ofeigim the pandemonium lord
 49463 | D:11     | Noticed a seraph
 49476 | D:10     | Noticed Gytiesim the pandemonium lord
 49771 | D:$      | Escaped with the Orb!

Illustrated notes

Levels and vault maps discovered:
D:1:      lightli_arrival_windingriver, layout_loops_ring, serial_shops,
          nicolae_shop_advertising_works [nicolae_subvault_shop_adworks],
          nicolae_shop_hallway_stairs, nicolae_shop_stone, shop_statue
D:2:      layout_basic, serial_bayou, serial_bayou_lake_a, serial_bayou_shore_a,
          serial_bayou_lagoon_a, serial_bayou_ford_a, uniq_crazy_yiuf_cottage,
          uniq_sigmund, uniq_jessica
D:3:      layout_basic, old_standard_altar, hangedman_decor_peaks_small,
          guppyfry_early_lair_pool
D:4:      layout_rooms, marbit_many_paths, serial_shops,
          nicolae_shop_temple_entry_statues_fountains
D:5:      layout_cave_pools, mainiacjoe_overflow_alcove_1
D:6:      layout_loops_ring, minmay_temple_entry_wispy,
          minmay_fractal_squares_gapless_5, uniq_prince_ribbit1
D:7:      layout_loops_ring, lightli_temple_of_fire, serial_bayou_pond_a,
          st_stairs_7, uniq_duvessa
D:8:      cheibrodos_statue_roulette, layout_cave_pools, david_lair_shrubbed,
          serial_shops, nicolae_shop_bloodbath_and_beyond, enter_bailey_3
D:9:      layout_cave_pods, lemuel_tele_altar, chequers_serial_rivers_micro_a,
          nicolae_shop_self_help
D:10:     layout_grid_maze, zin_scriptorium, grunt_temple_overflow_cloverleaf,
          trog_wizard, ebering_ghost_rock_garden, statue_in_the_mist_lemuel,
          uniq_amaemon, uniq_lodul, uniq_grum
D:11:     layout_basic, orc_0_dummy, serial_shops, shop
D:12:     layout_loops_ring, serial_shops, shop, kennysheep_decorative_pillar
D:13:     layout_basic, david_vaults_2,
          ploomutoo_gammafunk_ghost_potion_laboratory, uniq_erolcha, uniq_nessos
D:14:     layout_loops_ring, chequers_serial_rivers_marsh, serial_undead,
          serial_undead_b, serial_undead_e, serial_undead_e, serial_undead_a
D:15:     grunt_enter_depths_magical_seal, layout_loops_ring,
          serial_park_square1 [serial_park_minivault_5x5_3], st_stairs_8
Temple:   minmay_temple_curvy_loop
Lair:1:   lemuel_ratsnest, layout_regular_city, infiniplex_staircase_pool_2
Lair:2:   layout_misc_corridors, minmay_snake_entry_guardpost_small, uniq_urug,
          uniq_sonja
Lair:3:   layout_long_grid, nicolae_swamp_entry_splash_gauntlet, serial_forest,
          infiniplex_forest_side_room, infiniplex_forest_lined_3,
          infiniplex_forest_lined_1, infiniplex_forest_end_3,
          infiniplex_forest_lined_room_2, infiniplex_forest_fountain,
          infiniplex_forest_clump_tiny, infiniplex_forest_end_2
Lair:4:   layout_regular_city, minmay_slime_entry_oklob_enclosed
Lair:5:   minmay_lair_end_enchanted_forest, layout_cave_pods
Swamp:1:  layout_basic_swamp, nicolae_swamp_trees_clearing, swamp_pool3,
          nicolae_swamp_little_tower, uniq_louise
Swamp:2:  cheibrodos_swamp_heart_of_darkness, layout_basic_swamp,
          evilmike_swamp_ruin_wall, swamp_pool1, uniq_kirke, uniq_frances
Swamp:3:  layout_basic_swamp, serial_swamp_ruin, evilmike_swamp_ruin_house_2,
          evilmike_swamp_ruin_house_6, swamp_pool1, nicolae_swamp_small_spring
Swamp:4:  swamp_old_school, layout_basic_swamp, infiniplex_staircase_pool
Snake:1:  layout_gridlike, nicolae_snake_squiggles, uniq_rupert, uniq_asterion
Snake:2:  gammafunk_sealed_arena, layout_layer_cave, basic_altar,
          serial_nicolae_subway, nicolae_sub_station_crystal,
          nicolae_sub_station_metal, nicolae_sub_station_stone, uniq_aizul
Snake:3:  layout_cave_shapes, minmay_shoptagon
Snake:4:  grunt_snake_rune_serpentine_throne, layout_cave_town, serial_shops,
          nicolae_square_shop, nicolae_shop_vocational, lemuel_fruit_tree
Slime:1:  layout_caves, uniq_donald
Slime:2:  layout_caves, cheibrodos_slime_lost_civilization_4
Slime:3:  layout_caves
Slime:4:  layout_caves
Slime:5
Orc:1:    layout_caves, serial_shops, shop
Orc:2:    st_orc_open, layout_caves, gammafunk_ghost_grave, serial_shops,
          statue_bzr
Elf:1:    minmay_elf_arrival_summoners, layout_gridlike,
          hangedman_elven_crosses_minicolossus, st_stairs_1
Elf:2:    nicolae_elf_blades_crystal_corner, layout_onion_city, serial_shops,
          shop
Elf:3:    minmay_elf_hall_curves, layout_geoelf_castle
Vaults:1: nicolae_vaults_specimen_jars, v_rooms_1, v_misc_25, st_lattice,
          v_misc_10, vaults_room_pool, nicolae_vaults_three_branches,
          nicolae_vaults_little_squares_4, ontoclasm_vaults_pinch,
          vaults_dpeg_encased_lava, layout_vaults_omnigrid, serial_shops,
          nicolae_diamond_shop
Vaults:2: portal_desolation_entry_salt, nicolae_vaults_little_ls, v_misc_11,
          v_misc_25, nicolae_vaults_network_periphery, v_misc_2,
          vaults_mumra_chevron, v_misc_4, ontoclasm_vaults_gateway,
          ontoclasm_vaults_idyll, ontoclasm_vaults_gallery, vaults_mumra_lcd,
          vaults_standard_mumra_x, vaults_dpeg_emergency_exit,
          vaults_room_pools, layout_vaults_big_room, serial_shops,
          nicolae_square_shop
Vaults:3: minmay_crypt_entry_skeletal_spiral, v_misc_1, ontoclasm_vaults_idyll,
          nicolae_vaults_shelves_hall, hangedman_vaults_river_flow, v_pattern_1,
          nicolae_vaults_ring_of_whatevers, nicolae_vaults_sealed_display,
          layout_vaults_omnicross, serial_shops, nicolae_lakefront_shop
Vaults:4: advil_vaults_ghost_guards, nicolae_vaults_back_hallway,
          vaults_room_grid, ontoclasm_vaults_ring_small, st_star,
          ontoclasm_vaults_tryst, dpeg_vaults_monster_row, v_alt_pattern_2,
          hangedman_vaults_locks, v_alt_pattern_6, v_alt_pattern_1,
          serial_ice_g, nicolae_vaults_alarming, vaults_room_pools,
          layout_vaults_ring
Vaults:5
Depths:1: layout_cave_pools, grunt_hell_entry_dis_mu,
          nicolae_trove_entry_path_of_doom, minmay_tree_intersection,
          minmay_microvault, minmay_shop_grove
Depths:2: kennysheep_green_arena, layout_cave_shapes, pan_entry, hell_entry,
          serial_co_window_serial, co_window_of_opportunity_a,
          co_window_of_opportunity_a, co_window_paths_a, co_window_paths_b,
          co_window_corner_a, co_window_paths_b, co_window_paths_b,
          co_window_unsneaky_path_d, co_window_corner_b, co_window_corner_ca,
          co_window_paths_c, co_window_broadway_b, co_window_4corner_a
Depths:3: minmay_nine_rooms, layout_honeycomb, hell_entry, abyss_entry,
          pdpol_wu_jian_five_deadly_venoms, serial_bayou_shore_b,
          infiniplex_staircase_spiral_double
Depths:4: evilmike_zot_entry_diamond, layout_cave_shapes, enter_ziggurat_f,
          serial_column_ruins, column_ruins_portal_hut,
          column_ruins_columns_corner, column_ruins_columns_dead_end,
          column_ruins_open_small, column_ruins_open_small_water,
          column_ruins_grid_3, column_ruins_grid_3, lightli_too_deep,
          serial_shops, nicolae_shop_hallway_stairs, nicolae_shop_behind_doors,
          nicolae_kikubaaqudgha_miasma_corner, grunt_pan_entry_zigzag,
          minmay_shop_grid_forest
Hell
Tar:1:    layout_catacombs
Tar:2:    layout_honeycomb, nicolae_tar_cuneiform_water,
          nicolae_tar_liches_on_tour
Zot:1:    layout_misc_corridors
Zot:2:    layout_gridlike, lemuel_baited_zot_trap, grunt_ministairs_3,
          hangedman_hellfire_club
Zot:3:    grunt_deathspiral_small, layout_cathedral_of_symmetry,
          hangedman_zot_decor_checkerboard
Zot:4:    layout_cellular_growth
Zot:5:    layout_onion, ebering_ghost_rock_garden

Skill      XL: |  1  2  3  4  5  6  7  8  9 10 11 12 13 14 15 16 17 18 19 20 21 22 23 24 25 26 27 |
---------------+----------------------------------------------------------------------------------+-----
Maces & Flails | 3 4 5 6 13 14 16 17 18 22 23 | 23.0
Transmutations | 4 9 10 13 14 18 | 18.5
Dodging        | 2 8 14 15 16 18 19 22 25 26 27 | 27.0
Fighting       | 7 9 13 15 16 17 | 17.6
Stealth        | 1 3 5 7 8 11 | 11.0
Evocations     | 1 3 5 7 10 11 25 | 25.5
Shields        | 1 2 6 7 9 10 11 13 15 18 | 18.4
Spellcasting   | 6 10 12 15 26 | 26.6
Translocations | 3 6 |  6.0
Conjurations   | 2 8 27 | 27.0
Armour         | 2 5 |  5.0
Hexes          | 5 |  5.0
Necromancy     | 12 17 | 17.1
Fire Magic     | 13 22 | 22.2
Air Magic      | 27 | 27.0

Action                     |  1- 3 |  4- 6 |  7- 9 | 10-12 | 13-15 | 16-18 | 19-21 | 22-24 | 25-27 || total
---------------------------+-------+-------+-------+-------+-------+-------+-------+-------+-------++-------
  Melee: Flail             |    69 |   189 |    73 |       |       |       |       |       |       ||   331
         Punch             |       |     1 |     1 |       |       |       |       |       |       ||     2
         Mace              |       |       |   124 |   151 |   439 |       |       |       |       ||   714
         Eveningstar       |       |       |       |       |   583 |  1097 |  1036 |  1161 |  3244 ||  7121
         Headbutt          |       |       |       |       |       |       |       |       |   382 ||   382
         Staff             |       |       |       |       |       |       |       |       |    18 ||    18
  Throw: Throwing net      |       |       |       |       |       |     1 |       |       |       ||     1
   Cast: Passwall          |     3 |       |     3 |     2 |    19 |    18 |    10 |     1 |    23 ||    79
         Apportation       |       |       |       |       |   105 |   238 |   160 |   210 |  1927 ||  2640
         Wereblood         |       |       |       |       |    16 |    36 |    14 |    26 |    32 ||   124
         Irradiate         |       |       |       |       |       |    10 |     2 |     7 |    17 ||    36
         Death Channel     |       |       |       |       |       |       |       |       |    56 ||    56
         Alistair's Intoxi |       |       |       |       |       |       |       |       |     2 ||     2
         Yara's Violent Un |       |       |       |       |       |       |       |       |    16 ||    16
         Chain Lightning   |       |       |       |       |       |       |       |       |   217 ||   217
         Ignition          |       |       |       |       |       |       |       |       |   137 ||   137
         Necromutation     |       |       |       |       |       |       |       |       |    42 ||    42
 Invoke: Call Merchant     |       |       |       |       |       |       |       |       |     4 ||     4
         Potion Petition   |       |       |       |       |       |       |       |       |    16 ||    16
         Bribe Branch      |       |       |       |       |       |       |       |       |     5 ||     5
Ability: End Transformatio |       |       |       |       |       |       |       |       |    11 ||    11
  Evoke: Wand              |     4 |     4 |     6 |     2 |    29 |     3 |    15 |     3 |    15 ||    81
         Lightning rod     |       |       |       |       |     5 |       |     4 |     4 |     3 ||    16
         Condenser vane    |       |       |       |       |       |       |       |     2 |     8 ||    10
         Box of beasts     |       |       |       |       |       |       |       |     1 |    12 ||    13
         Phial of floods   |       |       |       |       |       |       |       |     1 |     1 ||     2
         Horn of Geryon    |       |       |       |       |       |       |       |       |    17 ||    17
         Phantom mirror    |       |       |       |       |       |       |       |       |     8 ||     8
    Use: Scroll            |     5 |     7 |     5 |     2 |    19 |     8 |    10 |     4 |    39 ||    99
         Potion            |       |     2 |     4 |     2 |     2 |    10 |     6 |     4 |    40 ||    70
   Stab: Paralysed         |       |       |     2 |     5 |       |     2 |       |       |     1 ||    10
         Distracted        |       |       |       |       |     3 |    14 |     9 |    14 |   119 ||   159
         Sleeping          |       |       |       |       |     1 |     2 |     1 |     3 |    27 ||    34
         Confused          |       |       |       |       |       |       |     1 |       |       ||     1
 Armour: Leather armour    |    44 |     1 |       |       |       |    78 |   171 |    97 |   353 ||   744
         Robe              |       |    67 |    47 |    18 |    93 |    39 |       |       |       ||   264
  Dodge: Dodged            |    55 |    92 |    91 |    47 |   380 |   532 |   713 |  1087 |  4022 ||  7019
  Block: Kite shield       |       |       |    28 |    46 |   643 |  1021 |   771 |  1135 |  4316 ||  7960
         Reflection        |       |       |       |       |     3 |    56 |       |       |    16 ||    75

Table legend: (Time is in decaauts)
 A = Elapsed time spent in this place.
 B = Non-inter-level travel time spent in this place.
 C = Inter-level travel time spent in this place.
 D = Time resting spent in this place.
 E = Time spent auto-exploring this place.
 F = Levels seen in this place.
 G = Mean time per level.
                   A        B        C        D        E       F      G
               +--------+--------+--------+--------+--------+-----+--------+
         Total |  49906 |  44951 |   4955 |   1592 |  12751 | 106 |  470.8 |
       Dungeon |  14238 |  11726 |   2512 |    319 |   4969 |  15 |  949.2 |
        Temple |     73 |     27 |     46 |      0 |      0 |   1 |   73.0 |
          Lair |   6219 |   5497 |    722 |    338 |   2483 |   5 | 1243.8 |
         Swamp |   2121 |   1888 |    233 |     10 |      0 |   4 |  530.2 |
     Snake Pit |   2270 |   2148 |    122 |     20 |      0 |   4 |  567.5 |
    Slime Pits |    374 |    360 |     14 |      0 |      0 |   5 |   74.8 |
  Orcish Mines |    865 |    723 |    142 |      0 |      0 |   2 |  432.5 |
   Elven Halls |   1667 |   1581 |     86 |     32 |      0 |   3 |  555.7 |
        Vaults |   2356 |   2348 |      8 |      0 |      0 |   5 |  471.2 |
        Depths |   5284 |   4698 |    586 |    156 |   2614 |   4 | 1321.0 |
          Hell |    971 |    963 |      8 |    210 |    284 |   1 |  971.0 |
      Tartarus |    486 |    411 |     75 |      0 |    304 |   2 |  243.0 |
           Zot |   4242 |   3845 |    397 |    461 |   2022 |   5 |  848.4 |
         Abyss |   1581 |   1581 |      0 |     20 |     73 |   5 |  316.2 |
   Pandemonium |   3271 |   3271 |      0 |      0 |      0 |  15 |  218.1 |
      Ziggurat |   3010 |   3010 |      0 |     23 |      0 |  27 |  111.5 |
        Bazaar |    114 |    114 |      0 |      0 |      0 |   1 |  114.0 |
        Bailey |    241 |    241 |      0 |      0 |      0 |   1 |  241.0 |
    Desolation |    513 |    513 |      0 |      0 |      0 |   1 |  513.0 |
               +--------+--------+--------+--------+--------+-----+--------+

Top non-repeatable levels by time:
Depths:4: 1713 daAuts
  Lair:1: 1523 daAuts
   Zot:3: 1515 daAuts
 Abyss:3: 1510 daAuts
  Lair:5: 1503 daAuts
Depths:3: 1344 daAuts
    D:13: 1314 daAuts
    D:10: 1297 daAuts
   Zot:4: 1240 daAuts
Depths:2: 1171 daAuts
  Lair:3: 1171 daAuts
     D:2: 1117 daAuts
  Lair:4: 1078 daAuts
Depths:1: 1054 daAuts
 Snake:4: 987 daAuts
